 Dungeon Crawl Stone Soup version 0.17-a0-1767-gccbed74 (webtiles) character file.

1318065 nubinia the Archmage (level 27, -5/176 HPs)
             Began as a Tengu Conjurer on Aug 28, 2015.
             Was the Champion of Zin.
             Killed from afar by a Brimstone Fiend (42 damage)
             ... with a blast of hellfire
             ... on level 7 of Gehenna on Sept 6, 2015.
             The game lasted 1 day 08:39:58 (183703 turns).

nubinia the Archmage (Tengu Conjurer)         Turns: 183703, Time: 1 , 08:39:59

Health: -5/176     AC: 30    Str: 10    XL:     27
Magic:  64/64      EV: 37    Int: 21    God:    Zin [******]
Gold:   4671       SH: 29    Dex: 25    Spells: 21 memorised, 4 levels left

rFire  + + +     SeeInvis .     b - +9 rapier (protect)
rCold  + . .     Clarity  .     y - +5 ring mail {rF+}
rNeg   + . .     SustAt   .     w - +8 large shield {reflect}
rPois  .         Gourm    .     W - +2 hat {MR+}
rElec  .         Spirit   .     D - +2 cloak of Duty {rC+}
rCorr  .         Warding  .     o - +2 pair of gloves {archery}
rMut   .         Stasis   .     (boots unavailable)
MR     +++..                    r - amulet of regeneration
Stlth  ++++++++..               U - ring of False Pretenses {rF+ rN+}
                                Y - ring of Many {rF+ MP+9 Dex+4 Slay+2}

@: short of breath, stone skin, flying quickly and evasively, deflect missiles,
quick, extremely resistant to hostile enchantments, extraordinarily stealthy
A: beak, claws 1, horns 1, talons 3, iridescent scales 1, deformed body,
screaming 1, subdued magic 1, able to fly 2
a: Stop Flying, Donate Gold, Recite, Vitalisation, Imprison, Sanctuary, Cure All
Mutations, Renounce Religion
}: 14/15 runes: barnacled, slimy, silver, golden, iron, icy, bone, abyssal,
demonic, glowing, magical, fiery, dark, gossamer


You were on level 7 of Gehenna.
You worshipped Zin.
Zin was exalted by your worship.
You were full.

You visited 18 branches of the dungeon, and saw 95 of its levels.
You visited Pandemonium 10 times, and saw 56 of its levels.
You visited the Abyss 25 times.
You visited 1 bazaar.
You visited 1 ziggurat, and saw 7 of its levels.
You also visited: Labyrinth, Sewer and Volcano.

You collected 17465 gold pieces.
You spent 2973 gold pieces at shops.
You donated 9821 gold pieces to Zin.

Inventory:

Hand weapons
 a - the +5 war axe of Conversion {freeze, rN+ Dex+2 SInv}
   (You took it off a vault sentinel on level 1 of the Vaults)

   It has been specially enchanted to freeze those struck by it, causing extra
   injury to most foes and up to half again as much damage against particularly
   susceptible opponents.
   It can also slow down cold-blooded creatures.
   It affects your dexterity (+2).
   It protects you from negative energy.
   It lets you see invisible.
 b - a +9 rapier of protection (weapon)
 s - a +9 quick blade of piercing
 M - the +8 mace of Salt {crush, +Inv Int+3 SInv}
   (You found it on level 7 of the Iron City of Dis)

   It inflicts extra damage upon your enemies.
   It affects your intelligence (+3).
   It lets you see invisible.
   It lets you turn invisible.
Armour
 o - a +2 pair of gloves of archery (worn)
 w - a +8 large shield of reflection (worn)
 y - a +5 ring mail of fire resistance (worn)
 D - the +2 cloak of Duty (worn) {rC+}
   (You found it in Pandemonium)

   It protects you from cold.
 I - the +2 leather armour of Hedge Wizardry {rC+ rN++}
   (You found it in Pandemonium)

   It protects you from cold.
   It greatly protects you from negative energy.
 J - a +2 cloak of magic resistance
 T - a +3 buckler of protection
 W - a +2 hat of magic resistance (worn)
Rods
 Q - a +3 rod of the swarm (9/9)
   (You found it on level 7 of a ziggurat)
Jewellery
 c - an uncursed amulet of clarity
 e - the ring of Gozag's Supremacy {rElec Str+10 Int-2 Stlth+}
   (You found it on level 3 of the Elven Halls)

   [ring of stealth]

   It affects your strength (+10).
   It affects your intelligence (-2).
   It insulates you from electricity.
   It makes you more stealthy.
 i - the amulet of the Air {Inacc +Fly rElec EV+5 RMsl}
   (You found it in a labyrinth)

   [amulet of inaccuracy]

   It reduces the accuracy of all your attacks.
   It affects your evasion (+5).
   It insulates you from electricity.
   It lets you fly.
   It protects you from missiles.
 p - the ring "Iposoikku" {+Blink rC++ Int+2}
   (You took it off an anubis guard on level 1 of the Tomb of the Ancients)

   [ring of intelligence]

   It affects your intelligence (+2).
   It greatly protects you from cold.
   It lets you blink.
 r - an amulet of regeneration (around neck)
 t - the ring of Haustri {SustAt rElec rPois MR+ Int+2}
   (You took it off a deep elf conjurer on level 3 of the Elven Halls)

   [ring of sustain attributes]

   It sustains your strength, intelligence and dexterity.
   It affects your intelligence (+2).
   It insulates you from electricity.
   It protects you from poison.
   It affects your resistance to hostile enchantments.
 U - the ring of False Pretenses (right hand) {rF+ rN+}
   (You found it on level 5 of the Vaults)

   [ring of protection from fire]

   It protects you from fire.
   It protects you from negative energy.
 Y - the ring of Many (left hand) {rF+ MP+9 Dex+4 Slay+2}
   (You took it off a deep elf high priest on level 3 of the Elven Halls)

   [ring of protection from fire]

   It affects your dexterity (+4).
   It affects your accuracy and damage with ranged weapons and melee attacks
   (+2).
   It protects you from fire.
   It affects your magic capacity (+9).
Magical devices
 l - a wand of digging (14)
 m - a wand of cold (0)
 n - a wand of teleportation (2)
 u - a wand of teleportation (4)
 A - a wand of disintegration (18)
 C - a wand of fire (4)
 E - a wand of fireball (10)
 X - a wand of cold (3)
Scrolls
 j - 34 scrolls of remove curse
 q - 6 scrolls of teleportation
 v - 2 scrolls of blinking
 G - 11 scrolls of identify
 H - a scroll of summoning
 N - 12 scrolls of recharging
 R - 5 scrolls of magic mapping
 S - a scroll of amnesia
Potions
 d - 6 potions of invisibility
 f - 2 potions of heal wounds
 g - 11 potions of brilliance
 h - 19 potions of curing
 z - 6 potions of agility
 L - 5 potions of magic
 O - 2 potions of resistance
 P - 6 potions of cancellation
 Z - 8 potions of haste
Miscellaneous
 k - 4 phantom mirrors
 F - a lamp of fire
 K - a fan of gales
 V - a phial of floods
Comestibles
 x - 3 meat rations
 B - 15 bread rations


   Skills:
 + Level 19.0 Fighting
 + Level 19.7 Short Blades
 + Level 2.1 Axes
 + Level 3.4 Throwing
 + Level 10.8 Armour
 + Level 23.3 Dodging
 + Level 21.3 Stealth
 + Level 19.6 Shields
 O Level 27 Spellcasting
 O Level 27 Conjurations
 - Level 4.4 Hexes
 + Level 10.0 Charms
   Level 14.3 Necromancy
 + Level 8.0 Translocations
 + Level 9.8 Fire Magic
 O Level 27 Air Magic
 - Level 1.0 Poison Magic
 + Level 17.4 Invocations
 + Level 8.4 Evocations


You had 4 spell levels left.
You knew the following spells:

 Your Spells              Type           Power        Failure   Level  Hunger
a - Magic Dart            Conj           ####         0%          1    None
b - Airstrike             Air            #######...   0%          4    None
c - Mephitic Cloud        Conj/Pois/Air  ######..     0%          3    None
d - Dazzling Spray        Conj/Hex       ######..     0%          3    None
e - Iskenderun's Mystic   Conj           #######.     0%          4    None
f - Sticky Flame          Conj/Fire      ######..     0%          4    None
g - Shroud of Golubria    Chrm/Tloc      #####.....   1%          2    None
h - Summon Lightning Spi  Summ/Air       ######..     1%          4    None
i - Iskenderun's Battles  Conj/Chrm      ######..     0%          5    None
j - Swiftness             Chrm/Air       ######..     0%          2    None
k - Lightning Bolt        Conj/Air       #######...   0%          5    None
l - Force Lance           Conj/Tloc      ######..     0%          4    None
m - Blink                 Tloc           N/A          1%          2    None
n - Bolt of Fire          Conj/Fire      ######....   1%          6    None
o - Deflect Missiles      Chrm/Air       ######....   1%          6    None
p - Delayed Fireball      Conj/Fire      N/A          1%          7    ####...
q - Fireball              Conj/Fire      ######....   0%          5    None
r - Freezing Cloud        Conj/Ice/Air   ######....   1%          6    None
s - Stoneskin             Trmt/Erth      ###.....     4%          2    None
t - Apportation           Tloc           #####.....   1%          1    None
u - Warp Weapon           Chrm/Tloc      #####.....   1%          5    None


Dungeon Overview and Level Annotations

Branches:
Dungeon (15/15)            Temple (1/1) D:6            Lair (8/8) D:8
 Shoals (4/4) Lair:3       Spider (4/4) Lair:5        Slime (6/6) Lair:6
    Orc (4/4) D:11            Elf (3/3) Orc:4        Vaults (5/5) D:14
  Crypt (3/3) Vaults:3       Tomb (3/3) Crypt:3      Depths (5/5) D:15
   Hell (1/1)                 Dis (7/7) Hell            Geh (7/7) Hell
    Coc (7/7) Hell            Tar (7/7) Hell            Zot (5/5) Depths:5

Altars:
Ashenzari
Cheibriados
Dithmenos
Elyvilon
Fedhas
Gozag
Kikubaaqudgha
Makhleb
Nemelex Xobeh
Okawaru
Qazlal
Ru
Sif Muna
Trog
Vehumet
Xom
Yredelemnul
Zin
The Shining One
Beogh
Jiyva

Shops:
D:6 ?   D:12 =*   Orc:4 (:[*   Shoals:4 *   Vaults:1 **(!(   Vaults:3 (

Portals:
Hell: Depths:1 Depths:2 Depths:3 Depths:4
Abyss: Depths:4 Depths:5
Pandemonium: Depths:3

Annotations:
D:3 Sigmund, Terence
Dis:7 24 runed doors, Dispater
Coc:7 exclusion: 2 ice statues, Antaeus
Tar:7 Ereshkigal


Innate Abilities, Weirdness & Mutations

You have a beak for a mouth.
You have claws for feet.
You can fly continuously.
You have sharp fingernails.
You have a pair of small horns on your head.
You are partially covered in iridescent scales (AC +4).
Armour fits poorly on your strangely shaped body.
You occasionally shout uncontrollably at your foes.
Your spells are a little easier to cast, but a little less powerful.


Message History

You claw the Brimstone Fiend, but do no damage.
You peck the Brimstone Fiend, but do no damage.
The Brimstone Fiend is severely wounded.
You block the Brimstone Fiend's attack. x2
The Brimstone Fiend misses you.
You hit the Brimstone Fiend.
The Brimstone Fiend is severely wounded.
You completely miss the Brimstone Fiend.
Your headbutt misses the Brimstone Fiend.
The Brimstone Fiend is severely wounded.
You block the Brimstone Fiend's attack. x2
The Brimstone Fiend misses you.
You hit the Brimstone Fiend. You peck the Brimstone Fiend.
The Brimstone Fiend is severely wounded.
You barely miss the Brimstone Fiend.
You headbutt the Brimstone Fiend, but do no damage.
The Brimstone Fiend is severely wounded.
The Brimstone Fiend gestures at you.
The hellfire explodes!
The blast of hellfire engulfs you!
You die...

≈≈≈≈,,,,**,,,,,,**,,,≈≈§§§≈≈≈≈§§≈
≈≈≈≈≈,,,**,,,,,,**,,≈≈≈≈§≈≈≈≈≈≈§§
≈≈≈≈,,****+********,,.≈≈≈≈≈≈§≈≈§≈
≈≈≈≈,,****+********,,..≈≈≈≈≈§≈§§§
≈≈,,,,**,,,,,,,,,**,,.....§§§≈§§§
,,,,,,**,,,,,,,,,##*,......≈§≈§≈≈
,,,,,,**,,,,,,,,,.#*,........§§≈§
,,,##############'##*######.§.≈≈≈
≈≈,#..........).@1.#,,,,,,#.....≈
≈≈,#'#############.#,,,,,,#.....≈
≈,,#..)..........#,#,,,,,,#....≈≈
,,,#.)...........#,+,,,,,,*,,,..≈
,,,#.............#+********,,,..§
################)#,,,,,,,,*,,...§
....#............#,,,,,,,,*,....§
....'............#,,,,,,,,*,...§§
....##############,,,,,,,,*,.....


You could see a Brimstone Fiend.

Vanquished Creatures
  the royal jelly (Slime:6)
  Khufu (Tomb:1)
  9 orbs of fire
  6 ancient liches
  28 greater mummies
  Boris (4 times) (Vaults:2 Crypt:1 Crypt:3 Tomb:1)
  Frederick (Vaults:2)
  Saint Roka (Elf:2)
  14 caustic shrikes
  15 shard shrikes
  4 Killer Klowns
  3 curse toes
  7 golden dragons
  Geryon (Hell)
  Nikola (Shoals:2)
  Jory (Crypt:2)
  7 bone dragons
  4 profane servitors
  Xtahua (Crypt:1)
  11 Brimstone Fiends
  Jorgrun (Depths:1)
  15 liches
  4 electric golems
  16 Ice Fiends
  8 Hell Sentinels
  25 Orb Guardians (Zot:5)
  27 tentacled monstrosities
  6 titans
  Asterion (Elf:1)
  The ghost of kae the Sensei, a mighty DsMo of Okawaru (Shoals:4)
  5 quicksilver dragons
  3 deep elf blademasters
  3 deep elf master archers (Elf:3)
  9 Shadow Fiends
  13 acid blobs
  42 Executioners
  17 tentacled starspawn
  11 ancient champions
  Polyphemus (Shoals:2)
  Gastronok (Lair:1)
  10 sphinxes
  8 shadow dragons
  Agnes (D:14)
  An octopode crusher (Shoals:1)
  Kirke (Lair:7)
  11 storm dragons
  5 azure jellies
  10 tengu reavers
  13 death cobs
  3 revenants
  Roxanne (Spider:4)
  Ilsuiw (Shoals:3)
  2 draconian monks
  16 fire giants
  11 iron dragons
  Donald (Spider:1)
  5 ghost moths
  4 draconian knights
  12 vault wardens
  19 frost giants
  An orc warlord (Vaults:4)
  Aizul (Shoals:3)
  Louise (Shoals:3)
  3 draconian scorchers
  29 cacodemons
  14 deep elf sorcerers
  6 curse skulls
  11 ghouls
  2 warmongers (Pan)
  An angel (Abyss:1)
  3 emperor scorpions
  31 balrugs
  6 draconian annihilators
  11 ironheart preservers
  A draconian shifter (Zot:2)
  A juggernaut skeleton (Crypt:1)
  36 reapers
  A caustic shrike skeleton (Depths:3)
  A spriggan defender (Depths:4)
  23 very ugly things
  An elemental wellspring (Coc:7)
  8 vampire knights
  28 stone giants
  4 salamander firebrands
  29 war gargoyles
  8 green draconians
  8 deep elf demonologists
  2 draconian callers (Zot:4)
  7 blood saints (Pan)
  Nessos (D:12)
  4 salamander stormcallers
  5 mottled draconians
  6 black draconians
  5 black suns (Pan)
  3 chaos champions (Pan)
  11 deep elf annihilators
  12 lorocyprocas
  14 red draconians
  6 white draconians
  A yellow draconian (Zig:6)
  10 purple draconians
  4 corrupters
  A dire elephant (Lair:8)
  6 bennus
  7 deep elf death magi
  15 eidola
  Snorg (D:13)
  11 death oozes
  2 crystal guardians
  13 fire dragons
  21 mummy priests
  3 merfolk javelineers
  24 ettins
  11 merfolk impalers
  10 green deaths
  The ghost of George the Champion of Chaos, a powerful DsGl of Makhleb (D:13)
  11 quicksilver dragon zombies
  20 blizzard demons
  36 vault guards
  14 yaktaur captains
  6 jiangshi
  9 great orbs of eyes
  2 kraken zombies (Coc:7)
  A minotaur (Lab)
  A catoblepas (Lair:8)
  10 entropy weavers
  7 deep elf high priests (Elf:3)
  4 quicksilver dragon skeletons
  Harold (D:10)
  5 hell beasts
  39 ice dragons
  A naga warrior (Zig:4)
  5 monstrous demonspawn (Pan)
  A great orb of eyes (shapeshifter) (D:15)
  2 rakshasas
  9 hydras
  9 ogre magi
  A hydra (shapeshifter) (Vaults:4)
  2 alligator snapping turtles
  2 merfolk avatars
  5 death knights
  An anaconda (shapeshifter) (Elf:2)
  15 dancing weapons
  4 satyrs
  17 centaur warriors
  4 spriggan air magi
  9 vampire magi
  13 merfolk aquamancers
  3 tengu warriors
  14 death yaks
  15 deep troll earth magi
  12 deep troll shamans
  A queen ant (Lair:6)
  A titan zombie (Dis:7)
  4 orc high priests
  8 thrashing horrors (Abyss:1)
  2 shock serpents (shapeshifter)
  7 hell hogs
  A shock serpent (Zig:4)
  10 spriggan berserkers
  5 storm dragon zombies
  Sonja (D:10)
  4 iron golems
  33 soul eaters
  10 titan skeletons
  40 sun demons
  35 ice devils
  22 iron trolls
  13 wretched stars (Abyss:1)
  26 deep elf knights
  28 death scarabs
  13 hell knights
  68 skeletal warriors
  13 sea snakes
  A salamander mystic (Depths:5)
  13 shadow wraiths
  45 deep trolls
  5 fire crabs
  A ghost moth zombie (Crypt:3)
  A spatial maelstrom (Abyss:1)
  A kraken simulacrum (Coc:7)
  5 storm dragon skeletons
  A fire crab (shapeshifter) (D:13)
  10 wizards
  4 golden dragon zombies
  8 anaconda zombies
  5 unseen horrors
  19 flayed ghosts
  2 ice statues (Coc:7)
  9 infernal demonspawn (Pan)
  6 torturous demonspawn (Pan)
  9 necromancers
  5 deep elf summoners
  A hill giant (shapeshifter) (Vaults:4)
  17 shadow demons
  22 anubis guards
  3 golden dragon skeletons
  A shadow dragon zombie (Coc:7)
  3 wolf spider zombies
  38 wolf spiders
  5 putrid demonspawn
  15 ironbrand convokers
  17 deep elf conjurers
  8 anaconda skeletons
  7 gelid demonspawn (Pan)
  A harpy (Vaults:2)
  25 orc knights
  A shining eye (shapeshifter) (Vaults:1)
  12 giant orange brains
  12 hill giants
  2 mana vipers
  15 orb spiders
  2 iron dragon zombies
  22 phantasmal warriors
  62 ugly things
  2 hornets (shapeshifter) (D:15)
  15 griffons
  11 fauns
  An oklob plant (Lair:6)
  17 cyclopes
  5 shadow dragon skeletons
  5 fire giant zombies
  The ghost of Xoff the Magician, an experienced DsWz of Nemelex Xobeh (D:5)
  5 frost giant zombies
  5 stone giant zombies
  4 salamanders
  7 water nymphs
  A wolf spider (shapeshifter) (Abyss:1)
  12 hornets
  A sphinx skeleton (Vaults:4)
  12 orc sorcerers
  42 sixfirhies
  22 vault sentinels
  4 iron dragon skeletons
  22 elephants
  27 moths of wrath
  10 manticores
  2 shock serpent zombies
  3 eyes of devastation
  3 shining eyes
  5 worldbinders (Abyss:1)
  3 centaur zombies
  An octopode (shapeshifter) (Abyss:2)
  A black mamba (shapeshifter) (Abyss:1)
  4 frost giant skeletons
  A manticore (shapeshifter) (Vaults:5)
  5 dire elephant zombies
  Maurice (D:10)
  6 black mambas
  3 stone giant skeletons
  A naga mage (Zig:4)
  3 fire giant skeletons
  14 sirens
  21 rust devils
  2 apocalypse crabs
  6 titan simulacra
  A shock serpent skeleton (Pan)
  46 orange demons
  18 spiny frogs
  A torpor snail (Lair:5)
  A gargoyle (D:14)
  A komodo dragon (shapeshifter) (Vaults:4)
  40 smoke demons
  13 molten gargoyles
  12 hellions
  A yaktaur zombie (Zig:3)
  3 centaur skeletons
  A storm dragon simulacrum (Coc:7)
  A white draconian zombie (Tar:4)
  2 emperor scorpion zombies
  43 yaktaurs
  3 catoblepas zombies
  13 anaconda simulacra
  27 tormentors
  14 efreet
  30 hellwings
  6 kobold demonologists
  20 deep elf priests
  A tengu conjurer (Depths:1)
  A catoblepas skeleton (Pan)
  16 demonic crawlers
  A fire drake (Lair:4)
  11 komodo dragons
  9 ancient zymes (Abyss:1)
  27 freezing wraiths
  25 guardian mummies
  51 red devils
  5 wind drakes
  14 trolls
  2 silent spectres (Tar:4)
  4 harpy zombies
  10 hydra zombies
  32 merfolk
  A polar bear (Lair:8)
  41 jumping spiders
  100 large abominations
  30 blue devils
  15 two-headed ogres
  A wind drake (shapeshifter) (Elf:3)
  A minotaur zombie (Crypt:1)
  A harpy skeleton (Crypt:1)
  A shadow dragon simulacrum (Crypt:2)
  A troll (shapeshifter) (Depths:4)
  25 blink frogs
  A trapdoor spider zombie (D:14)
  5 bog bodies
  5 hydra skeletons
  10 boulder beetles
  57 slime creatures
  2 alligator zombies
  3 human simulacra
  25 raiju (Abyss:1)
  5 ice dragon zombies
  2 fire giant simulacra
  35 ushabtiu
  3 frost giant simulacra
  8 snapping turtles
  3 ettin zombies
  30 trapdoor spiders
  2 fire dragon zombies
  104 flying skulls
  23 shadows
  A stone giant simulacrum (Vaults:4)
  17 wraiths
  2 spriggans (shapeshifter)
  5 alligator skeletons
  3 black mamba zombies
  10 spriggans
  6 ettin skeletons
  A human (D:7)
  31 ynoxinuls
  54 redbacks
  30 deep elf magi
  19 tarantellas
  6 fire dragon skeletons
  4 ice dragon skeletons
  12 vampires
  A yak (shapeshifter) (Vaults:4)
  4 hogs (Lair:7)
  66 yaks
  6 basilisks
  22 chaos spawn
  17 water elementals
  A steam dragon (Lair:3)
  A black mamba skeleton (Pan)
  2 air elementals (Depths:5)
  28 fire elementals
  6 golden eyes
  The ghost of Baka the Changer, an average NaTm (D:4)
  A fire bat (Abyss:1)
  8 hungry ghosts
  A redback (shapeshifter) (Vaults:5)
  3 wyverns
  A golden eye (shapeshifter) (Depths:1)
  4 mottled dragons
  49 deep elf fighters
  46 neqoxecs
  A human (shapeshifter) (Vaults:5)
  A hippogriff (shapeshifter) (Vaults:3)
  4 spatial vortices
  10 vampire mosquitoes
  17 wolves
  10 wargs
  6 hydra simulacra (Coc:7)
  17 hippogriffs
  A deep troll zombie (Vaults:4)
  A merfolk zombie (Coc:2)
  18 soldier ants
  20 water moccasins
  A gelid demonspawn zombie (Crypt:2)
  13 ice beasts
  A water moccasin (shapeshifter) (Vaults:5)
  A merfolk skeleton (Crypt:1)
  15 spiny frog zombies
  A faun skeleton (Crypt:2)
  19 spiders
  11 wasps
  7 sky beasts
  31 necrophages
  15 porcupines
  2 eyes of draining (shapeshifter)
  59 orc warriors
  44 hell hounds
  A gelid demonspawn skeleton (Tar:7)
  2 human zombies
  5 spiny frog skeletons
  5 black bears
  3 eyes of draining
  13 starcursed masses
  A fire dragon simulacrum (Coc:7)
  16 boggarts
  2 manticore zombies (Dis:7)
  35 ogres
  A sky beast (shapeshifter) (Vaults:5)
  A snapping turtle zombie (Tomb:2)
  A swamp dragon zombie (Coc:1)
  9 phantoms
  2 manticore skeletons (Coc:7)
  39 centaurs
  2 snapping turtle skeletons
  22 crocodiles
  An elephant skeleton (Crypt:1)
  A hog skeleton (Crypt:2)
  A swamp dragon skeleton (Dis:7)
  9 big kobolds
  3 human skeletons
  4 brain worms
  23 giant frogs
  A spiny frog simulacrum (Hell)
  A dryad skeleton (Crypt:2)
  3 elf skeletons
  A wyvern zombie (D:6)
  10 wyvern skeletons (Crypt:3)
  A boulder beetle zombie (Crypt:1)
  5 scorpions
  A troll zombie (Tar:4)
  39 wights
  2 snapping turtle simulacra
  21 killer bees
  2 electric eels
  A troll skeleton (Coc:3)
  22 crimson imps
  61 small abominations
  10 quasits
  30 iron imps
  11 jellies
  A soldier ant zombie (Crypt:1)
  50 orc wizards
  Crazy Yiuf (D:3)
  5 giant frog zombies
  A hound (shapeshifter) (Vaults:1)
  33 worker ants
  4 giant frog skeletons
  A hound (D:7)
  25 orc priests
  11 iguanas
  A demonspawn skeleton (Crypt:2)
  11 hell rats
  A killer bee zombie (Crypt:2)
  A naga zombie (Dis:7)
  An ogre zombie (Crypt:3)
  A tengu zombie (Geh:5)
  43 sheep
  A hound zombie (D:5)
  A tengu skeleton (Coc:7)
  50 mummies
  3 hound skeletons
  18 gnolls
  An adder (shapeshifter) (Depths:2)
  7 adders
  67 river rats
  9 shadow imps
  25 white imps
  9 ufetubi
  2 oozes
  An adder skeleton (D:4)
  An adder zombie (D:5)
  2 halfling skeletons
  10 worms
  4 giant geckos
  239 orcs
  11 bats
  7 giant cockroaches
  10 goblins
  9 hobgoblins
  38 kobolds
  3 ball pythons
  A ball python skeleton (Crypt:2)
  10 giant newts
  13 jackals
  A jackal skeleton (D:5)
  A kobold skeleton (Tar:2)
  A kobold zombie (Hell)
  9 quokkas
  A quokka skeleton (D:8)
  A quokka zombie (D:5)
  6 rats
  A butterfly (D:9)
  3 crawling corpses
  5 lost souls
  3 pillars of salt
  3 plants
  5 starspawn tentacles
  2 tentacles (Coc:7)
5412 creatures vanquished.

Vanquished Creatures (collateral kills)
  2 juggernauts
  Sojobo (Vaults:2)
  A greater mummy (Tomb:1)
  3 caustic shrikes (Depths:2)
  A golden dragon (Depths:2)
  2 tentacled monstrosities (Vaults:4)
  A lich (Tomb:1)
  A titan (Depths:2)
  A quicksilver dragon (Vaults:5)
  An octopode crusher (Depths:4)
  An ancient champion (Tomb:2)
  Frances (D:12)
  5 sphinxes
  A storm dragon (Depths:4)
  2 shadow dragons
  A fire giant (Depths:4)
  2 tengu reavers
  3 frost giants
  An orc warlord (Orc:4)
  A vault warden (Vaults:5)
  A ghoul (Crypt:3)
  2 spriggan defenders
  A draconian annihilator (Zot:1)
  5 very ugly things
  A stone giant (Vaults:5)
  2 ettins
  2 yaktaur captains (Vaults:5)
  A green death (Pan)
  2 fire dragons
  6 mummy priests
  A deep elf high priest (Elf:3)
  A fire dragon (shapeshifter) (Depths:2)
  5 vault guards (Vaults:4)
  A rakshasa (Depths:3)
  A spriggan air mage (Depths:2)
  2 entropy weavers
  2 deep troll shamans
  An ogre mage (Vaults:5)
  A deep troll earth mage (Depths:3)
  2 spriggan berserkers
  A hell knight (Depths:3)
  4 skeletal warriors
  A sea snake (shapeshifter) (Vaults:4)
  A ghost moth zombie (Crypt:3)
  4 deep trolls
  14 death scarabs
  A death drake (shapeshifter) (Depths:2)
  2 large abominations (Pan)
  8 anubis guards
  An ironbrand convoker (Vaults:5)
  5 necromancers
  A phantasmal warrior (Crypt:3)
  5 orc knights
  An iron dragon zombie (Crypt:3)
  A deep elf conjurer (Vaults:5)
  A hill giant (D:13)
  2 griffons
  A shadow dragon skeleton (Tomb:1)
  A mana viper (shapeshifter) (D:14)
  2 wolf spiders
  A tengu skeleton (Vaults:2)
  A hornet (Vaults:1)
  13 ugly things
  2 cyclopes
  A frost giant skeleton (Tomb:1)
  A fire giant skeleton (Vaults:4)
  A centaur zombie (D:14)
  A moth of wrath (Zot:1)
  11 yaktaurs
  A centaur skeleton (D:13)
  2 vault sentinels
  A fire drake (shapeshifter) (D:14)
  3 guardian mummies
  A troll (D:13)
  A tengu conjurer (Depths:4)
  A tengu simulacrum (Vaults:4)
  A hydra zombie (Crypt:3)
  3 freezing wraiths
  3 slime creatures (Depths:2)
  A troll (shapeshifter) (Vaults:1)
  3 jumping spiders
  An iron dragon simulacrum (Depths:3)
  4 ushabtiu
  3 blue devils (Coc:6)
  A boulder beetle (Vaults:4)
  4 two-headed ogres
  2 fire giant simulacra
  A shadow dragon simulacrum (Crypt:2)
  8 flying skulls
  7 redbacks
  A tarantella (Depths:2)
  3 deep elf fighters
  3 trapdoor spiders
  An alligator skeleton (Crypt:1)
  3 water elementals (Depths:4)
  A hippogriff (D:15)
  2 deep elf magi
  An emperor scorpion simulacrum (Coc:6)
  2 wraiths
  A deep troll zombie (Vaults:4)
  A soldier ant (Lair:6)
  7 orc warriors
  A spider (Crypt:3)
  A centaur (shapeshifter) (Vaults:1)
  A wasp (Depths:5)
  A snapping turtle skeleton (Coc:6)
  10 ogres
  6 centaurs
  2 human zombies (Vaults:4)
  A wyvern zombie (D:12)
  2 killer bees (D:14)
  An orc priest (Vaults:5)
  A crimson imp (D:13)
  2 giant frog skeletons
  A worker ant (Lair:6)
  13 mummies
  A worm (Spider:1)
  4 orcs
  A kobold (D:12)
  A crawling corpse (Elf:3)
289 creatures vanquished.

Vanquished Creatures (others)
  A golden dragon (Vaults:5)
  A lich (Abyss:1)
  3 eldritch tentacles
  A tengu reaver (Vaults:2)
  A shadow dragon (Vaults:5)
  A revenant (Tomb:2)
  2 fire giants
  A vault warden (Vaults:5)
  A black draconian (Zig:5)
  A blood saint (Pan)
  A quicksilver dragon zombie (Geh:7)
  A yaktaur captain (Vaults:5)
  A thrashing horror (Abyss:2)
  A spatial maelstrom (Depths:4)
  A gelid demonspawn (Pan)
  6 ball lightnings
  An infernal demonspawn (Pan)
  7 death scarabs
  A golden dragon zombie (Dis:7)
  An orc knight (Vaults:4)
  An iron dragon zombie (Dis:7)
  A stone giant zombie (Dis:7)
  3 moths of wrath
  An orc sorcerer (Vaults:5)
  2 smoke demons (Pan)
  2 orange demons
  A dire elephant zombie (Tomb:1)
  A sixfirhy (Pan)
  A troll (Zot:3)
  3 hellwings (Pan)
  A jumping spider (Spider:4)
  A merfolk (Shoals:4)
  A wolf spider simulacrum (Abyss:1)
  3 ushabtiu
  A raiju (Abyss:1)
  2 flying skulls (Tomb:2)
  A trapdoor spider (Spider:4)
  2 ynoxinuls (Pan)
  A tarantella (Spider:4)
  A deep elf mage (Elf:1)
  2 humans (Lair:7)
  A deep elf fighter (Vaults:5)
  4 large abominations
  2 neqoxecs (Pan)
  2 spiders (Lair:5)
  A merfolk skeleton (Geh:7)
  2 necrophages
  2 ogres (Zot:3)
  A boggart (Depths:1)
  A giant frog (D:11)
  3 small abominations (Abyss:1)
  A quasit (Abyss:1)
  A worker ant (Lair:6)
  A naga zombie (Geh:3)
  6 mummies
  An ufetubus (Abyss:1)
  4 orcs
  A crawling corpse (Vaults:2)
  217 eldritch tentacle segments
  A fire vortex (Vaults:5)
  A fulminant prism (Pan)
  65 fungi
  4 lost souls
  80 pillars of salt
  79 plants
  51 starspawn tentacles
  411 starspawn tentacle segments
  33 tentacles (Coc:7)
  1512 tentacle segments (Coc:7)
2554 creatures vanquished.

Grand Total: 8255 creatures vanquished

Notes
Turn   | Place    | Note
--------------------------------------------------------------
     0 | D:1      | nubinia the Tengu Conjurer began the quest for the Orb.
     0 | D:1      | Reached XP level 1. HP: 10/10 MP: 4/4
   287 | D:1      | Reached XP level 2. HP: 15/15 MP: 3/6
   605 | D:1      | Reached skill level 6 in Conjurations
   657 | D:1      | Reached XP level 3. HP: 19/19 MP: 4/7
   717 | D:1      | Learned a level 3 spell: Dazzling Spray
  1330 | D:2      | Reached XP level 4. HP: 12/24 MP: 0/8
  1336 | D:2      | Learned a level 4 spell: Iskenderun's Mystic Blast
  1481 | D:2      | Found a deep blue altar of Sif Muna.
  1482 | D:2      | Found a glowing golden altar of the Shining One.
  1482 | D:2      | Found a radiant altar of Vehumet.
  1488 | D:2      | Found a basalt altar of Yredelemnul.
  1489 | D:2      | Found a sparkling altar of Nemelex Xobeh.
  1490 | D:2      | Found a shadowy altar of Dithmenos.
  1490 | D:2      | Found a blossoming altar of Fedhas.
  1491 | D:2      | Found a stormy altar of Qazlal.
  1493 | D:2      | Became a worshipper of Sif Muna the Loreminder
  2791 | D:3      | Noticed Crazy Yiuf
  2799 | D:3      | Killed Crazy Yiuf
  2799 | D:3      | Gained mutation: You can fly. [Tengu growth]
  2799 | D:3      | Reached XP level 5. HP: 18/28 MP: 0/10
  2953 | D:3      | Found a glowing silver altar of Zin.
  2953 | D:3      | Found an iron altar of Okawaru.
  3113 | D:3      | Reached skill level 7 in Conjurations
  3245 | D:3      | Noticed Terence
  3421 | D:3      | Noticed Sigmund
  3479 | D:3      | Reached skill level 1 in Fighting
  3635 | D:4      | Noticed Baka's ghost (average NaTm)
  3652 | D:4      | Noticed a phantom
  3925 | D:4      | Reached XP level 6. HP: 26/34 MP: 1/12
  3991 | D:4      | Noticed a phantom
  4001 | D:4      | Killed a phantom
  4057 | D:4      | Found a glowing drain.
  4069 | Sewer    | Entered a sewer
  4352 | Sewer    | Acquired Sif Muna's first power
  4490 | Sewer    | Reached XP level 7. HP: 38/38 MP: 13/13
  4533 | Sewer    | Reached skill level 1 in Armour
  4533 | Sewer    | Reached skill level 8 in Conjurations
  4684 | D:4      | Killed a phantom
  5361 | D:5      | Entered Level 5 of the Dungeon
  5414 | D:5      | Found an opulent altar of Gozag.
  5697 | D:5      | Reached skill level 1 in Invocations
  5872 | D:5      | Reached XP level 8. HP: 25/44 MP: 3/16
  6238 | D:5      | Reached skill level 1 in Shields
  6362 | D:5      | Reached skill level 5 in Spellcasting
  6362 | D:5      | Reached skill level 9 in Conjurations
  6469 | D:5      | Noticed Xoff's ghost (experienced DsWz)
  6527 | D:5      | Learned a level 5 spell: Iskenderun's Battlesphere
  7127 | D:6      | Acquired Sif Muna's second power
  7127 | D:6      | Reached skill level 1 in Hexes
  7580 | D:6      | Reached skill level 1 in Charms
  7764 | D:6      | Found a staircase to the Ecumenical Temple.
  7951 | D:6      | Reached XP level 9. HP: 42/48 MP: 14/18
  8021 | D:6      | Found Keigh's Magic Scroll Emporium.
  8580 | D:7      | Reached skill level 10 in Conjurations
  9636 | D:8      | Noticed a komodo dragon
  9642 | D:8      | Killed a komodo dragon
  9901 | D:8      | Found a staircase to the Lair.
 10043 | D:8      | Found a white marble altar of Elyvilon.
 10229 | Lair:1   | Entered Level 1 of the Lair of Beasts
 10374 | Lair:1   | Reached XP level 10. HP: 53/53 MP: 9/20
 10438 | Lair:1   | Reached skill level 11 in Conjurations
 10566 | Lair:1   | Noticed a spiny frog
 10577 | Lair:1   | Killed a spiny frog
 10577 | Lair:1   | Acquired Sif Muna's third power
 10926 | Lair:1   | Noticed Gastronok
 10985 | Lair:1   | Killed Gastronok
 10985 | Lair:1   | Reached skill level 12 in Conjurations
 11121 | Lair:1   | Noticed a komodo dragon
 11210 | Lair:1   | Killed a komodo dragon
 11418 | Lair:1   | Reached skill level 5 in Invocations
 11418 | Lair:1   | Reached XP level 11. HP: 57/57 MP: 14/23
 11456 | Lair:1   | Reached skill level 1 in Throwing
 11615 | Lair:1   | Upgraded the game from 0.17-a0-1719-g1afd5a1 to 0.17-a0-1731-g129c023
 11760 | Lair:2   | Reached skill level 13 in Conjurations
 11798 | Lair:2   | Gained mutation: Your system is resistant to poisons. [potion of mutation]
 11798 | Lair:2   | Gained mutation: You can spit weak poison. [potion of mutation]
 11798 | Lair:2   | Gained mutation: You are clumsy. (Dex -2) [potion of mutation]
 11840 | Lair:2   | Reached skill level 5 in Dodging
 11912 | Lair:2   | Reached skill level 5 in Stealth
 12085 | Lair:2   | Noticed a six-headed hydra
 12164 | Lair:2   | Killed a six-headed hydra
 12164 | Lair:2   | Received a gift from Sif Muna
 12982 | Lair:2   | Reached skill level 14 in Conjurations
 13086 | Lair:3   | Reached XP level 12. HP: 64/64 MP: 12/26
 13156 | Lair:3   | Noticed a seven-headed hydra
 13278 | Lair:3   | Got a creamy pearl robe
 13377 | Lair:3   | Identified the cursed +1 robe of the Camelopard {+Inv} (You found it on level 3 of the Lair of Beasts)
 13826 | Lair:4   | Reached skill level 10 in Spellcasting
 14087 | Lair:4   | Reached skill level 1 in Short Blades
 14100 | Lair:4   | Found a dark tunnel.
 14136 | Volcano  | Entered a volcano
 14401 | Lair:4   | Got a jewelled ring mail
 14412 | Lair:4   | Identified the +4 ring mail of Nemelex Xobeh's Favour {rC+} (You found it on level 4 of the Lair of Beasts)
 14529 | Lair:3   | Noticed a seven-headed hydra
 14560 | Lair:2   | Reached skill level 15 in Conjurations
 14574 | Lair:2   | Noticed an eight-headed hydra
 14576 | Lair:2   | Killed an eight-headed hydra
 14579 | Lair:2   | Received a gift from Sif Muna
 14580 | Lair:2   | Identified Sif Muna's Guide on Blows and Bruises (Sif Muna gifted it to you on level 2 of the Lair of Beasts)
 14591 | Lair:2   | Learned a level 5 spell: Bolt of Draining
 14798 | Lair:3   | Killed a seven-headed hydra
 14798 | Lair:3   | Reached skill level 1 in Necromancy
 14866 | Lair:3   | Killed a seven-headed hydra
 15188 | Lair:3   | Found a staircase to the Shoals.
 15816 | Lair:4   | Reached XP level 13. HP: 44/68 MP: 16/28
 16482 | Lair:5   | Found a hole to the Spider Nest.
 17474 | Lair:5   | Reached skill level 16 in Conjurations
 17923 | Lair:6   | Found a labyrinth entrance.
 17929 | Lair:6   | Received a gift from Sif Muna
 17930 | Lair:6   | Identified Sif Muna's Papyrus of Feathery Confrontation (Sif Muna gifted it to you on level 6 of the Lair of Beasts)
 17938 | Lair:6   | Learned a level 3 spell: Mephitic Cloud
 17951 | Lab      | Entered a labyrinth
 17978 | Lab      | Reached skill level 1 in Air Magic
 18129 | Lab      | Found an exit through the horrors of the Abyss.
 18289 | Lab      | Noticed a minotaur
 18292 | Lab      | Found an exit through the horrors of the Abyss.
 18304 | Lab      | Killed a minotaur
 18361 | Lab      | Learned a level 4 spell: Sticky Flame
 18365 | Lab      | Learned a level 3 spell: Conjure Flame
 18407 | Lair:6   | Learned a level 4 spell: Airstrike
 18940 | Lair:6   | Reached skill level 5 in Air Magic
 19465 | Lair:6   | Found a staircase to the Slime Pits.
 19778 | Lair:6   | Gained mutation: You can fly continuously. [Tengu growth]
 19778 | Lair:6   | Reached XP level 14. HP: 74/74 MP: 16/31
 20308 | Lair:6   | Received a gift from Sif Muna
 21124 | Lair:7   | Reached skill level 17 in Conjurations
 21242 | Lair:7   | Identified a +7 rod of destruction (14/14) (You took it off a minotaur in a labyrinth)
 21329 | Lair:7   | Noticed Kirke
 21342 | Lair:7   | Killed Kirke
 21763 | Lair:8   | Entered Level 8 of the Lair of Beasts
 23174 | Lair:8   | Reached skill level 1 in Fire Magic
 23230 | Lair:8   | Received a gift from Sif Muna
 23230 | Lair:8   | Reached skill level 5 in Charms
 23234 | Lair:8   | Identified Dakun's Collected Works on Weightlessness and Confrontation (Sif Muna gifted it to you on level 8 of the Lair of Beasts)
 24087 | Lair:8   | Reached XP level 15. HP: 78/78 MP: 15/33
 24796 | D:9      | Found a shimmering altar of Xom.
 25289 | D:10     | Entered Level 10 of the Dungeon
 25289 | D:10     | Found a white marble altar of Elyvilon.
 25554 | D:10     | Noticed Harold
 25587 | D:10     | Killed Harold
 25653 | D:10     | Noticed Sonja
 25656 | D:10     | Killed Sonja
 25703 | D:10     | Noticed Maurice
 25716 | D:10     | Killed Maurice
 26266 | D:11     | Reached skill level 18 in Conjurations
 26518 | D:11     | Identified a +0 rod of inaccuracy (10/10) (You found it on level 11 of the Dungeon)
 26691 | D:11     | Learned a level 3 spell: Regeneration
 26694 | D:11     | Learned a level 2 spell: Shroud of Golubria
 26697 | D:11     | Learned a level 2 spell: Blink
 26776 | D:11     | Found a staircase to the Orcish Mines.
 27091 | D:11     | Received a gift from Sif Muna
 27129 | D:11     | Identified Tojiwn's Incunabulum of Attacks and Air (Sif Muna gifted it to you on level 11 of the Dungeon)
 27130 | D:11     | Upgraded the game from 0.17-a0-1731-g129c023 to 0.17-a0-1738-g82cdc46
 27300 | D:11     | Found a roughly hewn altar of Beogh.
 27887 | Orc:1    | Entered Level 1 of the Orcish Mines
 28114 | Orc:2    | Found a radiant altar of Vehumet.
 29656 | Orc:4    | Entered Level 4 of the Orcish Mines
 29939 | Orc:4    | Found Estruuxu's Antique Weapon Shoppe.
 30087 | Orc:4    | Reached skill level 10 in Air Magic
 30773 | Orc:4    | Found Deulisk's Antique Weapon Emporium.
 30843 | Orc:4    | Found Emibry's Book Shoppe.
 30978 | Orc:4    | Found Wekael's General Store.
 31076 | Orc:4    | Found Hohem's Antique Armour Shop.
 31154 | Orc:4    | Found a staircase to the Elven Halls.
 31454 | Orc:3    | Found a bloodstained altar of Trog.
 31464 | Orc:3    | Got a jewelled dagger
 31465 | Orc:3    | Identified the +5 dagger "Diaduolubya" {freeze, SInv} (You found it on level 3 of the Orcish Mines)
 31528 | Orc:3    | Received a gift from Sif Muna
 31535 | Orc:3    | Identified Sif Muna's Compendium of Dusty Enchantment (Sif Muna gifted it to you on level 3 of the Orcish Mines)
 32275 | Shoals:1 | Entered Level 1 of the Shoals
 32610 | Lair:3   | Reached XP level 16. HP: 83/83 MP: 25/35
 32791 | Shoals:1 | Noticed an octopode crusher
 32797 | Shoals:1 | Killed an octopode crusher
 33741 | Shoals:1 | You are sucked into a shaft!
 34323 | Shoals:2 | Noticed Polyphemus
 34443 | Shoals:2 | Killed Polyphemus
 34443 | Shoals:2 | Received a gift from Sif Muna
 34443 | Shoals:2 | Reached skill level 15 in Spellcasting
 35346 | Shoals:2 | Noticed Nikola
 35356 | Shoals:2 | Killed Nikola
 35517 | Shoals:3 | Noticed Aizul
 35897 | Shoals:3 | Killed Aizul
 35914 | Shoals:3 | Gained mutation: You are partially covered in iridescent scales (AC +4). [mutagenic meat]
 36281 | Shoals:3 | Noticed Louise
 36291 | Shoals:3 | Killed Louise
 36588 | Shoals:4 | Entered Level 4 of the Shoals
 36588 | Shoals:4 | Found Wyblett's Assorted Antiques.
 36591 | Shoals:4 | Noticed kae's ghost (mighty DsMo)
 37173 | Shoals:3 | Received a gift from Sif Muna
 37187 | Shoals:3 | Learned a level 2 spell: Swiftness
 37193 | Shoals:3 | Learned a level 5 spell: Lightning Bolt
 37357 | Shoals:4 | Reached skill level 19 in Conjurations
 37937 | Shoals:4 | Noticed Ilsuiw
 38089 | Shoals:2 | Upgraded the game from 0.17-a0-1738-g82cdc46 to 0.17-a0-1741-gd5e8965
 38214 | Shoals:3 | Reached XP level 17. HP: 87/87 MP: 19/37
 38998 | Shoals:3 | Reached skill level 5 in Necromancy
 39098 | Shoals:3 | Killed Ilsuiw
 39428 | Shoals:3 | Received a gift from Sif Muna
 39429 | Shoals:3 | Identified Sif Muna's Catalogue of Combat Magic (Sif Muna gifted it to you on level 3 of the Shoals)
 40034 | Lair:3   | Learned a level 6 spell: Deflect Missiles
 42133 | Shoals:4 | Got a barnacled rune of Zot
 42714 | Elf:1    | Entered Level 1 of the Elven Halls
 42758 | Elf:1    | Got a pair of dazzling gloves
 42769 | Elf:1    | Identified the +2 pair of gloves of Duck's Teeth {rPois rC- rN+ Int+3} (You found it on level 1 of the Elven Halls)
 42914 | Elf:1    | Found a radiant altar of Vehumet.
 43334 | Elf:1    | Noticed Asterion
 43947 | Elf:1    | Received a gift from Sif Muna
 43949 | Elf:1    | Identified Sif Muna's Collected Works on Aerial Conjuration (Sif Muna gifted it to you on level 1 of the Elven Halls)
 44105 | Elf:1    | Killed Asterion
 44105 | Elf:1    | Reached XP level 18. HP: 92/92 MP: 14/40
 44299 | Elf:2    | Got a vibrating crystal amulet
 44300 | Elf:2    | Identified the amulet "Yseenuew" {Faith +Inv} (You found it on level 2 of the Elven Halls)
 44354 | Elf:2    | Reached skill level 15 in Air Magic
 44485 | Elf:2    | Found a runed gate.
 44485 | Elf:2    | Found a runed gate.
 44485 | Elf:2    | Found a runed gate.
 44785 | Elf:2    | Noticed Saint Roka
 45526 | Elf:2    | Killed Saint Roka
 46021 | Spider:1 | Entered Level 1 of the Spider Nest
 46174 | Spider:1 | Reached skill level 20 in Conjurations
 46528 | Spider:1 | Received a gift from Sif Muna
 46529 | Spider:1 | Identified Sif Muna's Handbook of Gliding Confrontation (Sif Muna gifted it to you on level 1 of the Spider Nest)
 47184 | Spider:2 | Noticed Donald
 47261 | Spider:1 | Killed Donald
 47264 | Spider:1 | Got a blackened shield {Donald}
 47275 | Spider:1 | Identified the +3 shield "Aclummir" {Int+4} (You took it off Donald on level 1 of the Spider Nest)
 50155 | Spider:3 | Reached XP level 19. HP: 96/96 MP: 24/41
 50770 | Spider:4 | Entered Level 4 of the Spider Nest
 51473 | Spider:3 | Learned a level 1 spell: Apportation
 52454 | Spider:4 | Noticed Roxanne
 52499 | Spider:4 | Killed Roxanne
 52499 | Spider:4 | Received a gift from Sif Muna
 52500 | Spider:4 | Identified Sif Muna's Catalogue of Aerial Confrontation (Sif Muna gifted it to you on level 4 of the Spider Nest)
 54181 | Spider:4 | Got a gossamer rune of Zot
 54622 | D:12     | Noticed Frances
 54724 | D:12     | Learned a level 1 spell: Animate Skeleton
 54729 | D:12     | Learned a level 4 spell: Animate Dead
 54740 | D:12     | Learned a level 4 spell: Control Undead
 54879 | D:12     | Noticed Nessos
 54924 | D:12     | Found Taocegue's General Store.
 54924 | D:12     | Found Obaeloaj's Jewellery Emporium.
 54941 | D:12     | Killed Nessos
 54952 | D:12     | Bought a +5 ring of protection for 715 gold pieces
 54952 | D:12     | Bought an uncursed ring of magical power for 260 gold pieces
 55036 | D:12     | Killed Frances
 55072 | D:12     | Found a gateway to a bazaar.
 55111 | Bazaar   | Entered a bazaar
 55111 | Bazaar   | Found Waphaf's Distillery.
 55111 | Bazaar   | Found Jetetuecw's Magic Scroll Emporium.
 55115 | Bazaar   | Found Qoistry's Gadget Shoppe.
 55129 | Bazaar   | Found Fucuoc's Book Emporium.
 55147 | Bazaar   | Bought a potion of experience for 650 gold pieces
 55147 | Bazaar   | Reached skill level 5 in Shields
 55147 | Bazaar   | Reached skill level 1 in Translocations
 55147 | Bazaar   | Reached skill level 1 in Evocations
 55147 | Bazaar   | Reached XP level 20. HP: 100/103 MP: 43/43
 55154 | Bazaar   | Bought a scroll of enchant armour for 67 gold pieces
 55154 | Bazaar   | Bought a scroll of recharging for 85 gold pieces
 56145 | D:13     | Received a gift from Sif Muna
 56146 | D:13     | Identified Vakloel's Volume of Hurtful Curses (Sif Muna gifted it to you on level 13 of the Dungeon)
 56174 | D:13     | Noticed George's ghost (powerful DsGl)
 56178 | D:13     | Noticed Snorg
 56178 | D:13     | Killed George's ghost
 56188 | D:13     | Killed Snorg
 56188 | D:13     | Reached skill level 21 in Conjurations
 56816 | D:13     | Upgraded the game from 0.17-a0-1741-gd5e8965 to 0.17-a0-1748-g222fba8
 56970 | D:14     | Found a gate to the Vaults.
 57111 | D:14     | Noticed Agnes
 57121 | D:14     | Killed Agnes
 57223 | D:14     | Got a fine short sword
 57224 | D:14     | Identified the +1 short sword "Evijyh" {holy, rF+ rN+ MP+9 Dex-3} (You found it on level 14 of the Dungeon)
 57250 | D:14     | Found a blossoming altar of Fedhas.
 57273 | D:14     | Your ally Agnes died
 57551 | D:14     | Got a polished war axe
 57552 | D:14     | Identified the +4 war axe of Fate {freeze, Dex+2 Stlth+} (You found it on level 14 of the Dungeon)
 57627 | D:14     | Learned a level 5 spell: Dispel Undead
 57907 | Vaults:1 | Entered Level 1 of the Vaults
 57911 | Vaults:1 | Found Mofizuall's Assorted Antiques.
 57915 | Vaults:1 | Found Beyr's General Store.
 57922 | Vaults:1 | Bought a lumpy red potion for 30 gold pieces
 57963 | Vaults:1 | Gained mutation: Your spells are a little easier to cast, but a little less powerful. [potion of mutation]
 57963 | Vaults:1 | Gained mutation: Scrolls take you a little longer to read. [potion of mutation]
 57963 | Vaults:1 | Gained mutation: You have sharp fingernails. [potion of mutation]
 58400 | Lair:6   | Lost mutation: Your system is resistant to poisons. [potion of cure mutation]
 58400 | Lair:6   | Lost mutation: You are clumsy. (Dex -2) [potion of cure mutation]
 58400 | Lair:6   | Lost mutation: Your spells are a little easier to cast, but a little less powerful. [potion of cure mutation]
 58473 | Spider:1 | Gained mutation: You are frail (-10% HP). [potion of mutation]
 58473 | Spider:1 | Gained mutation: You are partially covered in thin metallic scales (AC +2). [potion of mutation]
 58474 | Spider:1 | Lost mutation: You are frail (-10% HP). [potion of mutation]
 58474 | Spider:1 | Gained mutation: You have a pair of small horns on your head. [potion of mutation]
 59419 | Vaults:1 | Reached XP level 21. HP: 108/108 MP: 37/44
 59656 | Vaults:1 | Found Cocevipt's Distillery.
 59656 | Vaults:1 | Found Merghud's Weapon Emporium.
 59711 | Vaults:1 | Found Sozinwut's Antique Weapon Emporium.
 59720 | Vaults:1 | Bought a slimy longbow for 294 gold pieces
 59722 | Vaults:1 | Identified the cursed +0 longbow "Iwnaole" {velocity, rPois Str-3 Dex+2} (You bought it in a shop on level 1 of the Vaults)
 59723 | Vaults:1 | Bought a crude shortbow for 248 gold pieces
 59725 | Vaults:1 | Identified the +0 shortbow "Nonaips" {velocity, +Blink rElec Str+3 Dex+3} (You bought it in a shop on level 1 of the Vaults)
 60477 | Vaults:1 | Identified the Almanac of Harmful Heat
 60622 | Vaults:1 | Reached skill level 10 in Stealth
 61031 | Vaults:1 | Got a pitted golden ring
 61032 | Vaults:1 | Got an ichor-stained war axe
 61035 | Vaults:1 | Identified the +5 war axe of Conversion {freeze, rN+ Dex+2 SInv} (You took it off a vault sentinel on level 1 of the Vaults)
 61038 | Vaults:1 | Identified the ring "Rylacyo" {*Corrode rElec rPois rF- MR+} (You took it off a vault sentinel on level 1 of the Vaults)
 61054 | Vaults:1 | Identified a scroll of acquirement
 61058 | Vaults:1 | Got a smoking quicksilver dragon armour
 61069 | Vaults:1 | Identified the quicksilver dragon armour of the Townfolk {rPois MR+ Int+4 Dex-3 Slay+4} (You found it on level 1 of the Vaults)
 61097 | Vaults:1 | Got a fine scale mail
 61108 | Vaults:1 | Identified the +2 scale mail of Pibrial {rC+ Int+3} (You acquired it on level 1 of the Vaults)
 61317 | Vaults:2 | Noticed Boris
 61417 | Vaults:2 | Noticed Sojobo
 61429 | Vaults:2 | Killed Sojobo
 61667 | Vaults:2 | Your ally Sojobo died
 62316 | Vaults:2 | Noticed Frederick
 62321 | Vaults:2 | Killed Frederick
 62486 | Vaults:2 | Your ally Frederick died
 62602 | Vaults:2 | Reached skill level 15 in Stealth
 63248 | Vaults:2 | Killed Boris
 63248 | Vaults:2 | Received a gift from Sif Muna
 63249 | Vaults:2 | Identified Lehudib's Handbook of Conjuration and Flight (Sif Muna gifted it to you on level 2 of the Vaults)
 63974 | Vaults:3 | Found a staircase to the Crypt.
 64018 | Vaults:3 | Reached XP level 22. HP: 112/112 MP: 38/46
 64697 | Vaults:3 | Found Gima's Weapon Emporium.
 64901 | Vaults:3 | Upgraded the game from 0.17-a0-1748-g222fba8 to 0.17-a0-1753-g75d4604
 65442 | Vaults:4 | Received a gift from Sif Muna
 65443 | Vaults:4 | Identified Morgh's Volume of Earthen Augmentations (Sif Muna gifted it to you on level 4 of the Vaults)
 65485 | Vaults:4 | Reached skill level 5 in Short Blades
 66611 | D:15     | Entered Level 15 of the Dungeon
 66747 | D:15     | Reached skill level 5 in Fighting
 67329 | D:15     | Found a staircase to the Depths.
 67773 | Depths:1 | Entered Level 1 of the Depths
 67824 | Depths:1 | Noticed Jorgrun
 68067 | D:15     | Reached skill level 1 in Poison Magic
 68132 | Depths:1 | Killed Jorgrun
 68182 | Depths:1 | Found a gateway to Hell.
 68241 | Depths:1 | Your ally Jorgrun died
 68486 | Depths:1 | Found a runed door.
 68499 | Depths:1 | Reached XP level 23. HP: 60/120 MP: 16/47
 68854 | Depths:2 | Received a gift from Sif Muna
 68857 | Depths:2 | Identified Jaodaf's Catalogue of Black Secrets (Sif Muna gifted it to you on level 2 of the Depths)
 69158 | Depths:2 | Noticed an ancient lich
 69166 | Depths:2 | Killed an ancient lich
 69334 | Depths:2 | Got a dazzling buckler
 69345 | Depths:2 | Identified the +3 buckler "Geipned" {rN+} (You acquired it on level 2 of the Depths)
 69455 | Depths:2 | Noticed a juggernaut
 70229 | Depths:2 | Reached skill level 5 in Armour
 70229 | Depths:2 | Reached skill level 22 in Conjurations
 70933 | Depths:2 | Received a gift from Sif Muna
 70935 | Depths:2 | Identified Niecligy's Papyrus of Enhancements and Unholy Rituals (Sif Muna gifted it to you on level 2 of the Depths)
 71120 | Depths:2 | Reached XP level 24. HP: 132/132 MP: 20/48
 71438 | Depths:2 | Killed a juggernaut
 71987 | Elf:3    | Entered Level 3 of the Elven Halls
 72092 | Elf:3    | Reached skill level 10 in Short Blades
 72310 | Elf:3    | Reached skill level 10 in Necromancy
 72657 | Elf:3    | Got a crude copper ring
 72660 | Elf:3    | Identified the ring of Haustri {SustAt rElec rPois MR+ Int+2} (You took it off a deep elf conjurer on level 3 of the Elven Halls)
 72970 | Elf:3    | Got a steaming pewter ring
 72973 | Elf:3    | Identified the ring of Jeleib {+Fly Int+4 Dex-3 Slay-6 SInv} (You took it off a deep elf annihilator on level 3 of the Elven Halls)
 73079 | Elf:3    | Received a gift from Sif Muna
 73097 | Elf:3    | Identified Sif Muna's Reference Book on Enchantment (Sif Muna gifted it to you on level 3 of the Elven Halls)
 73403 | Elf:3    | Got a brightly glowing spear
 73406 | Elf:3    | Identified the +1 spear of Dim Light {venom, Str+7 Stlth-} (You took it off a deep elf annihilator on level 3 of the Elven Halls)
 73584 | Elf:3    | Learned a level 4 spell: Summon Lightning Spire
 73598 | Elf:3    | Got a brightly glowing lead ring
 73601 | Elf:3    | Identified the ring of Gozag's Supremacy {rElec Str+10 Int-2 Stlth+} (You found it on level 3 of the Elven Halls)
 73649 | Elf:3    | Got a vibrating copper ring
 73657 | Elf:3    | Identified the ring of Many {rF+ MP+9 Dex+4 Slay+2} (You took it off a deep elf high priest on level 3 of the Elven Halls)
 73962 | Elf:3    | Reached skill level 10 in Fighting
 74761 | Crypt:1  | Entered Level 1 of the Crypt
 75889 | Crypt:1  | Noticed Xtahua
 75912 | Crypt:1  | Killed Xtahua
 75912 | Crypt:1  | Reached XP level 25. HP: 145/148 MP: 32/49
 76021 | Crypt:1  | Noticed Boris
 76055 | Crypt:1  | Your ally Xtahua died
 76198 | Crypt:1  | Killed Boris
 76774 | Crypt:2  | Noticed Jory
 77472 | Crypt:2  | Got a bound wooden ring
 77474 | Crypt:2  | Identified the ring of Qibletwum {+Inv rF+ Str+4 Dex+6} (You found it on level 2 of the Crypt)
 78011 | Crypt:3  | Entered Level 3 of the Crypt
 78396 | Crypt:3  | Found a basalt altar of Yredelemnul.
 78402 | Crypt:3  | Noticed Boris
 78982 | Crypt:3  | Received a gift from Sif Muna
 78985 | Crypt:3  | Identified Sif Muna's Almanac of Hexes (Sif Muna gifted it to you on level 3 of the Crypt)
 79198 | Crypt:3  | Found a staircase to the Tomb.
 79577 | Crypt:3  | Reached skill level 10 in Dodging
 80480 | Crypt:3  | Got a flickering brass ring
 80483 | Crypt:3  | Identified the ring of Liemasmi {rN+ MR+} (You took it off a skeletal warrior on level 3 of the Crypt)
 80519 | Crypt:3  | Noticed an ancient lich
 80691 | Crypt:3  | Killed an ancient lich
 80825 | Crypt:3  | Killed Boris
 81328 | Crypt:3  | Identified the Almanac of Arcane Weapons and Execration
 81827 | Crypt:3  | Received a gift from Sif Muna
 82765 | Depths:3 | Found a one-way gate leading to the halls of Pandemonium.
 82885 | Depths:3 | Reached XP level 26. HP: 138/160 MP: 21/49
 83750 | Depths:4 | Reached skill level 15 in Fighting
 84290 | Depths:3 | Noticed a juggernaut
 84300 | Depths:3 | Upgraded the game from 0.17-a0-1753-g75d4604 to 0.17-a0-1760-ga6756ae
 84318 | Depths:3 | Killed a juggernaut
 84318 | Depths:3 | Received a gift from Sif Muna
 84347 | Depths:3 | Learned a level 5 spell: Lightning Bolt
 84377 | Depths:3 | Identified Codiq's Almanac of Transformation (Sif Muna gifted it to you on level 3 of the Depths)
 84416 | Depths:3 | Identified the Disquisition on Combat Magic and Ice (You found it on level 3 of the Depths)
 84987 | Vaults:5 | Entered Level 5 of the Vaults
 85145 | Vaults:4 | Reached skill level 23 in Conjurations
 85703 | Vaults:5 | Received a gift from Sif Muna
 85704 | Vaults:5 | Identified Sif Muna's Tome of Earth (Sif Muna gifted it to you on level 5 of the Vaults)
 85853 | Vaults:5 | Identified the Almanac of Contamination
 85855 | Vaults:5 | Got a faintly glowing ivory ring
 85859 | Vaults:5 | Identified the Reference Book on Envenoming
 85902 | Vaults:5 | Noticed an ancient lich
 85906 | Vaults:5 | Killed an ancient lich
 85906 | Vaults:5 | Reached XP level 27. HP: 165/165 MP: 33/50
 86510 | D:6      | Bought a scroll of identify for 20 gold pieces
 86510 | D:6      | Bought a scroll of identify for 20 gold pieces
 86510 | D:6      | Bought a scroll of identify for 20 gold pieces
 86510 | D:6      | Bought a scroll of identify for 20 gold pieces
 86512 | D:6      | Identified the cursed ring of the Gloaming {rN++ Str-2 Dex-5 SInv} (You found it on level 5 of the Vaults)
 87153 | Vaults:5 | Gained mutation: You are frail (-10% HP). [a neqoxec]
 87615 | Lair:6   | Lost mutation: Scrolls take you a little longer to read. [potion of cure mutation]
 87615 | Lair:6   | Lost mutation: You are partially covered in thin metallic scales (AC +2). [potion of cure mutation]
 87615 | Lair:6   | Lost mutation: You are frail (-10% HP). [potion of cure mutation]
 87615 | Lair:6   | Lost mutation: You can spit weak poison. [potion of cure mutation]
 88487 | Vaults:5 | Received a gift from Sif Muna
 88898 | Vaults:5 | Identified Sif Muna's Handbook of Calling (Sif Muna gifted it to you on level 5 of the Vaults)
 89129 | Vaults:5 | Got a smoking amber ring
 89130 | Vaults:5 | Identified the ring of False Pretenses {rF+ rN+} (You found it on level 5 of the Vaults)
 89139 | Vaults:5 | Learned a level 4 spell: Force Lance
 89310 | Vaults:5 | Identified Deopaf's Papyrus of Good Luck and Earth
 89325 | Vaults:5 | Got a scorched silver amulet
 89326 | Vaults:5 | Identified the amulet "Etir Haa" {Inacc rPois rN+ MP-9} (You found it on level 5 of the Vaults)
 89363 | Vaults:5 | Got a faintly glowing ring mail
 89364 | Vaults:5 | Identified the +4 ring mail of Defence {rPois} (You found it on level 5 of the Vaults)
 89535 | Vaults:5 | Got a silver rune of Zot
 90028 | Vaults:5 | Got a slimy whip
 90029 | Vaults:5 | Identified the +1 whip "Zeifaveh" {slash, +Blink rElec Str-2 Dex+3} (You found it on level 5 of the Vaults)
 90033 | Vaults:5 | Identified the Incunabulum of Egalitarianism
 90296 | Vaults:5 | Upgraded the game from 0.17-a0-1760-ga6756ae to 0.17-a0-1763-g847a857
 90438 | Vaults:4 | Received a gift from Sif Muna
 90439 | Vaults:4 | Identified Sif Muna's Volume of Unholy Magic and Fire (Sif Muna gifted it to you on level 4 of the Vaults)
 90794 | Depths:5 | Entered Level 5 of the Depths
 91624 | Depths:4 | Got an ancient mace
 91651 | Depths:4 | Identified the +6 mace "Impslayer" {antimagic, rPois Int+2} (You found it on level 4 of the Depths)
 91781 | Depths:4 | Found a one-way gate to the infinite horrors of the Abyss.
 92085 | Depths:4 | Received a gift from Sif Muna
 92088 | Depths:4 | Identified Sif Muna's Papyrus of Combat Magic (Sif Muna gifted it to you on level 4 of the Depths)
 92132 | Depths:4 | Learned a level 5 spell: Cigotuvi's Embrace
 93095 | Tomb:1   | Entered Level 1 of the Tomb of the Ancients
 93442 | Tomb:1   | Reached skill level 24 in Conjurations
 94312 | Tomb:1   | Received a gift from Sif Muna
 94313 | Tomb:1   | Identified Sif Muna's Grimoire of Lethal Clay (Sif Muna gifted it to you on level 1 of the Tomb of the Ancients)
 94654 | Tomb:1   | Got a brightly glowing copper ring
 94660 | Tomb:1   | Identified the ring "Iposoikku" {+Blink rC++ Int+2} (You took it off an anubis guard on level 1 of the Tomb of the Ancients)
 94978 | Tomb:2   | Noticed Khufu
 96750 | Crypt:2  | Killed Jory
 98599 | Shoals:4 | Killed kae's ghost
 98655 | Shoals:4 | Got a transparent long sword
 98656 | Shoals:4 | Identified the +9 long sword "Jyhamiod" {speed, rPois} (You found it on level 4 of the Shoals)
 99111 | Vaults:1 | Bought a steaming war axe for 289 gold pieces
 99111 | Vaults:1 | Bought a scroll of blinking for 255 gold pieces
 99111 | Vaults:1 | Identified the +4 war axe of Slow Death {drain, rPois rN+ Str-3 Dex-4} (You bought it in a shop on level 1 of the Vaults)
100648 | Tomb:2   | Noticed Boris
101335 | Tomb:1   | Killed Boris
102118 | Tomb:1   | Killed Khufu
102118 | Tomb:1   | Received a gift from Sif Muna
102119 | Tomb:1   | Identified Sif Muna's Volume of Earthen Damage Dealing (Sif Muna gifted it to you on level 1 of the Tomb of the Ancients)
102123 | Tomb:1   | Learned a level 2 spell: Stoneskin
103108 | Tomb:1   | Reached skill level 25 in Spellcasting
104551 | Tomb:1   | Received a gift from Sif Muna
105024 | Tomb:1   | Reached skill level 5 in Fire Magic
105875 | Tomb:3   | Entered Level 3 of the Tomb of the Ancients
106537 | Tomb:3   | Noticed an ancient lich
106726 | Tomb:2   | Killed an ancient lich
106808 | Tomb:3   | Noticed an ancient lich
109511 | Tomb:2   | Received a gift from Sif Muna
109512 | Tomb:2   | Identified Sif Muna's Intricacies of Thaumaturgy (Sif Muna gifted it to you on level 2 of the Tomb of the Ancients)
109761 | Tomb:2   | Killed an ancient lich
109766 | Tomb:2   | Reached skill level 26 in Spellcasting
110767 | Tomb:3   | Got a fine ivory ring
110768 | Tomb:3   | Identified the ring "Sunon" {+Fly Int+5} (You found it on level 3 of the Tomb of the Ancients)
110784 | Tomb:3   | Got an encrusted buckler
110795 | Tomb:3   | Identified the cursed +0 buckler "Lajueh" {rPois Regen+ Str+3} (You found it on level 3 of the Tomb of the Ancients)
110797 | Tomb:3   | Got a clouded brass ring
110799 | Tomb:3   | Identified the ring of Truth {*Drain MR+ Dex+7 Stlth+} (You found it on level 3 of the Tomb of the Ancients)
110892 | Tomb:3   | Got a golden rune of Zot
111182 | Tomb:3   | Got a bloodstained rapier
111183 | Tomb:3   | Identified the +3 rapier "Jellyslayer" {pierce, -Tele +Inv rC++ Stlth-} (You found it on level 3 of the Tomb of the Ancients)
111189 | Tomb:3   | Got a slimy robe
111200 | Tomb:3   | Identified the cursed +1 robe of Peek-a-Boo {-Cast +Blink Str+3 Dex+4} (You found it on level 3 of the Tomb of the Ancients)
111208 | Tomb:3   | Got a warped robe
111214 | Tomb:3   | Identified the cursed +0 robe "Hajenidd" {-Tele Str+7 Int+3} (You found it on level 3 of the Tomb of the Ancients)
112215 | Temple   | Entered the Ecumenical Temple
112443 | D:3      | Fell from the grace of Sif Muna
112443 | D:3      | Became a worshipper of Zin the Law-Giver
112443 | D:3      | Acquired Zin's first power
112443 | D:3      | Acquired Zin's second power
112444 | D:3      | Donated 3952 gold pieces to Zin
112462 | D:3      | Acquired Zin's third power
112725 | D:9      | Acquired Zin's fourth power
113034 | Depths:4 | Voluntarily entered the Abyss.
113037 | Abyss:1  | Found a corrupted altar of Lugonu.
113471 | Abyss:2  | Reached skill level 10 in Shields
113478 | Abyss:2  | Found a snail-covered altar of Cheibriados.
113639 | Abyss:3  | Found a corrupted altar of Lugonu.
113639 | Abyss:3  | Found a corrupted altar of Lugonu.
113642 | Abyss:3  | Got an abyssal rune of Zot
113676 | Depths:4 | Escaped the Abyss
113827 | Depths:4 | Voluntarily entered the Abyss.
113900 | Depths:4 | Escaped the Abyss
114381 | D:5      | Found an opulent altar of Gozag.
114728 | D:5      | Killed Xoff's ghost
115202 | D:4      | Killed Baka's ghost
115743 | Depths:4 | Voluntarily entered the Abyss.
115743 | Abyss:1  | Found a corrupted altar of Lugonu.
115926 | Abyss:1  | Noticed an ancient lich
115981 | Abyss:1  | HP: 7/168 [profane servitor/enchanted whip (7)]
116034 | Abyss:1  | Found a corrupted altar of Lugonu.
116085 | Depths:4 | Escaped the Abyss
116245 | Depths:4 | Voluntarily entered the Abyss.
116252 | Abyss:1  | Found a corrupted altar of Lugonu.
116273 | Abyss:1  | Got a warped robe
116274 | Abyss:1  | Identified the cursed +0 robe of the Sky {rN+ Regen+ Dex-3} (You found it on level 1 of the Abyss)
116331 | Depths:4 | Escaped the Abyss
116333 | Depths:4 | Voluntarily entered the Abyss.
116445 | Depths:4 | Escaped the Abyss
116469 | Depths:4 | Voluntarily entered the Abyss.
116778 | Depths:4 | Escaped the Abyss
116780 | Depths:4 | Voluntarily entered the Abyss.
116839 | Depths:4 | Escaped the Abyss
116855 | Depths:4 | Voluntarily entered the Abyss.
116933 | Depths:4 | Escaped the Abyss
116935 | Depths:4 | Voluntarily entered the Abyss.
116944 | Abyss:1  | Found a sacrificial altar of Ru.
117015 | Depths:4 | Escaped the Abyss
117017 | Depths:4 | Voluntarily entered the Abyss.
117207 | Abyss:1  | Found a shimmering altar of Xom.
117219 | Abyss:1  | Found a shimmering altar of Xom.
117494 | Abyss:1  | Paralysed by accursed screaming for 1 turns
117613 | Abyss:1  | Found a corrupted altar of Lugonu.
117756 | Abyss:1  | Found a bloodstained altar of Trog.
117848 | Depths:4 | Escaped the Abyss
117999 | Depths:4 | Voluntarily entered the Abyss.
118719 | Abyss:1  | Paralysed by accursed screaming for 2 turns
118735 | Abyss:1  | Paralysed by accursed screaming for 2 turns
118741 | Abyss:1  | Paralysed by accursed screaming for 2 turns
118865 | Depths:4 | Escaped the Abyss
119090 | Depths:4 | Voluntarily entered the Abyss.
120491 | Depths:4 | Escaped the Abyss
123415 | Depths:4 | Voluntarily entered the Abyss.
124019 | Abyss:1  | Reached skill level 5 in Evocations
124064 | Abyss:1  | Paralysed by accursed screaming for 1 turns
124130 | Depths:4 | Escaped the Abyss
124132 | Depths:4 | Voluntarily entered the Abyss.
124443 | Depths:4 | Escaped the Abyss
124592 | Depths:4 | Voluntarily entered the Abyss.
124594 | Abyss:1  | Found a shattered altar of Ashenzari.
124878 | Abyss:1  | Paralysed by accursed screaming for 1 turns
124891 | Abyss:2  | Found a corrupted altar of Lugonu.
125030 | Depths:4 | Escaped the Abyss
125110 | Depths:4 | Voluntarily entered the Abyss.
125450 | Depths:4 | Escaped the Abyss
125661 | Depths:4 | Voluntarily entered the Abyss.
125698 | Abyss:1  | Learned a level 3 spell: Dazzling Spray
125852 | Abyss:1  | Got a crude leather armour
125853 | Abyss:1  | Identified the +2 leather armour of Cuno {rN+ MP+9 Slay+2} (You found it on level 1 of the Abyss)
126106 | Abyss:1  | Got a polished hunting sling
126107 | Abyss:1  | Identified the +9 hunting sling "Noogg" {flame, Dex+2} (You found it on level 1 of the Abyss)
126181 | Abyss:1  | Found a corrupted altar of Lugonu.
126308 | Abyss:1  | Reached skill level 15 in Dodging
126408 | Depths:4 | Escaped the Abyss
126416 | Depths:4 | Voluntarily entered the Abyss.
126416 | Abyss:1  | Found a corrupted altar of Lugonu.
127170 | Abyss:1  | Noticed an ancient lich
127193 | Abyss:1  | Paralysed by accursed screaming for 1 turns
128677 | Abyss:1  | Was forgiven by Sif Muna
128850 | Abyss:1  | Noticed an ancient lich
130003 | Depths:4 | Escaped the Abyss
130328 | Vaults:1 | Learned a level 6 spell: Bolt of Fire
130336 | Vaults:1 | Learned a level 7 spell: Delayed Fireball
130640 | Vaults:5 | Learned a level 5 spell: Fireball
131094 | Lair:3   | Learned a level 6 spell: Freezing Cloud
131964 | Slime:1  | Entered Level 1 of the Pits of Slime
132046 | Slime:6  | Entered Level 6 of the Pits of Slime
132249 | Slime:6  | Found a viscous altar of Jiyva.
132252 | Slime:6  | Noticed the royal jelly
132257 | Slime:6  | Killed the royal jelly
133211 | Slime:6  | Got a slimy dagger
133212 | Slime:6  | Identified the +11 dagger of Doom {antimagic, rC+ MR- Str+4 Int+3} (You found it on level 6 of the Pits of Slime)
133277 | Slime:6  | Identified the Volume of Twisted Augmentations (You found it on level 6 of the Pits of Slime)
133336 | Slime:6  | Got a slimy rune of Zot
133338 | Slime:6  | Identified the Almanac of Igneous Attacks (You found it on level 6 of the Pits of Slime)
133962 | Pan      | Entered Pandemonium
134748 | Pan      | Found an exit through the horrors of the Abyss.
134907 | Pan      | Took an exit into the Abyss.
134907 | Abyss:1  | Escaped into the Abyss
135015 | Depths:3 | Escaped the Abyss
135478 | Spider:1 | Learned a level 1 spell: Apportation
136127 | Depths:5 | Found a gate to the Realm of Zot.
136675 | Zot:1    | Entered Level 1 of the Realm of Zot
138522 | Zot:1    | Reached skill level 10 in Invocations
138841 | Zot:2    | Got a smoking ring mail
138863 | Zot:2    | Identified the +1 ring mail "Waetiv" {Stlth+} (You found it on level 2 of the Realm of Zot)
141102 | Zot:3    | Reached skill level 5 in Translocations
141467 | Zot:4    | Noticed an orb of fire
142131 | Zot:4    | Reached skill level 15 in Short Blades
142292 | Zot:4    | Killed an orb of fire
142569 | Zot:4    | Reached skill level 27 in Spellcasting
143309 | Zot:5    | Entered Level 5 of the Realm of Zot
143336 | Zot:5    | Noticed an orb of fire
143410 | Zot:5    | Killed an orb of fire
143782 | Zot:5    | Noticed an orb of fire
143900 | Zot:5    | Killed an orb of fire
144203 | Zot:5    | Noticed an orb of fire
144627 | Zot:5    | Noticed an orb of fire
144740 | Zot:5    | Noticed an ancient lich
144905 | Zot:4    | Killed an orb of fire
145705 | Zot:5    | Killed an ancient lich
145840 | Zot:5    | Noticed an orb of fire
145854 | Zot:5    | Killed an orb of fire
146922 | Zot:5    | Noticed an orb of fire
146927 | Zot:5    | Noticed an orb of fire
147292 | Zot:4    | Killed an orb of fire
147683 | Zot:5    | Noticed an orb of fire
147889 | Zot:5    | Killed an orb of fire
148052 | Zot:5    | Reached skill level 10 in Armour
148517 | Zot:5    | Killed an orb of fire
149268 | Zot:5    | Killed an orb of fire
150015 | Pan      | Entered Pandemonium
150198 | Pan      | Found an exit through the horrors of the Abyss.
150550 | Pan      | Noticed Zoubai the pandemonium lord
150553 | Pan      | Got a demonic rune of Zot
151014 | Pan      | Found a huge runed gate.
151229 | Pan      | Got a warped cloak
151230 | Pan      | Identified the +2 cloak of Duty {rC+} (You found it in Pandemonium)
151816 | Pan      | Found an exit through the horrors of the Abyss.
151825 | Pan      | Took an exit into the Abyss.
151825 | Abyss:1  | Escaped into the Abyss
151829 | Abyss:1  | Found a deep blue altar of Sif Muna.
151840 | Abyss:1  | Found a corrupted altar of Lugonu.
151903 | Depths:3 | Escaped the Abyss
151939 | Pan      | Entered Pandemonium
151997 | Pan      | Noticed Remuuhik the pandemonium lord
152105 | Pan      | Found an exit through the horrors of the Abyss.
152526 | Pan      | Found an exit through the horrors of the Abyss.
152607 | Pan      | Reached skill level 1 in Axes
152722 | Pan      | Donated 3153 gold pieces to Zin
152753 | Pan      | Entered the realm of Mnoleg.
152776 | Pan      | Found an exit through the horrors of the Abyss.
152797 | Pan      | Got a jewelled cloak
152798 | Pan      | Identified the cursed -2 cloak of Free Expression {rC- rN+ Int+3} (You found it in Pandemonium)
153544 | Pan      | Noticed Mnoleg
153583 | Pan      | Got a glowing rune of Zot
154173 | Pan      | Found a huge runed gate.
154193 | Pan      | Noticed Veokaif the pandemonium lord
154340 | Pan      | Got a ripped robe
154465 | Depths:3 | Escaped Pandemonium
154487 | Depths:3 | Identified the +0 robe of Somewhere Else {rF+ rN+ Slay+3} (You found it in Pandemonium)
154719 | Pan      | Entered Pandemonium
154737 | Pan      | Entered the realm of Lom Lobon.
154798 | Pan      | Found an exit through the horrors of the Abyss.
155625 | Pan      | Noticed Lom Lobon
156150 | Pan      | Got a magical rune of Zot
156353 | Pan      | Noticed Mnoleg
156403 | Pan      | Reached skill level 27 in Conjurations
156528 | Pan      | Noticed Vutzua the pandemonium lord
156587 | Pan      | Entered the realm of Gloorx Vloq.
157049 | Pan      | Found an exit through the horrors of the Abyss.
157993 | Pan      | Noticed Gloorx Vloq
159240 | Pan      | Got a dark rune of Zot
159412 | Pan      | Took an exit into the Abyss.
159412 | Abyss:1  | Escaped into the Abyss
159469 | Depths:3 | Escaped the Abyss
159472 | Pan      | Entered the realm of Cerebov.
159472 | Pan      | Entered Pandemonium
159544 | Pan      | Noticed Cerebov
159614 | Pan      | Reached skill level 27 in Air Magic
159930 | Pan      | Found an exit through the horrors of the Abyss.
160435 | Pan      | Got a faintly humming buckler
160436 | Pan      | Identified the cursed +0 buckler of Heresy {Regen+ Str+3 Int+3} (You found it in Pandemonium)
160639 | Pan      | Identified the Handbook of Lucky Calling
160642 | Pan      | Got a crude leather armour
160643 | Pan      | Identified the +2 leather armour of Hedge Wizardry {rC+ rN++} (You found it in Pandemonium)
160660 | Pan      | Identified the Handbook of Helpful Curses (You found it in Pandemonium)
160667 | Pan      | Learned a level 5 spell: Warp Weapon
161027 | Pan      | Got a fiery rune of Zot
161520 | Pan      | Found a runed door.
161575 | Pan      | Upgraded the game from 0.17-a0-1763-g847a857 to 0.17-a0-1767-gccbed74
161764 | Pan      | Noticed Lom Lobon
161912 | Pan      | Noticed Mnoleg
161914 | Pan      | Noticed Defois the pandemonium lord
162075 | Pan      | Noticed Cerebov
162302 | Pan      | Found an exit through the horrors of the Abyss.
162314 | Pan      | Took an exit into the Abyss.
162314 | Abyss:1  | Escaped into the Abyss
162417 | Depths:3 | Escaped the Abyss
162419 | Pan      | Entered Pandemonium
162423 | Pan      | Got a smelly leather armour
162424 | Pan      | Identified the +1 leather armour of Impressiveness {*Contam Regen+ MP+9 SInv} (You found it in Pandemonium)
162680 | Depths:3 | Escaped Pandemonium
162723 | Pan      | Entered Pandemonium
162787 | Depths:3 | Escaped Pandemonium
162789 | Pan      | Entered Pandemonium
162828 | Pan      | Noticed Cerebov
162832 | Pan      | Noticed Cerebov
162881 | Pan      | Noticed Zyan the pandemonium lord
163220 | Pan      | Found an exit through the horrors of the Abyss.
163391 | Pan      | Noticed Ignacio
163801 | Pan      | Found an exit through the horrors of the Abyss.
163801 | Pan      | Noticed Mennas
163816 | Pan      | Took an exit into the Abyss.
163816 | Abyss:1  | Escaped into the Abyss
163832 | Depths:3 | Escaped the Abyss
163834 | Pan      | Entered Pandemonium
163834 | Pan      | Noticed Qary the pandemonium lord
163845 | Pan      | Gained mutation: Armour fits poorly on your strangely shaped body. [a neqoxec]
163859 | Pan      | Found an exit through the horrors of the Abyss.
163862 | Pan      | Donated 2355 gold pieces to Zin
163876 | Pan      | Took an exit into the Abyss.
163876 | Abyss:1  | Escaped into the Abyss
163893 | Abyss:1  | Found a corrupted altar of Lugonu.
163912 | Depths:3 | Escaped the Abyss
163933 | Pan      | Entered Pandemonium
164356 | Pan      | Noticed Qacosmomm the pandemonium lord
164729 | Pan      | Found a gateway to a ziggurat.
164736 | Pan      | Found an exit through the horrors of the Abyss.
164740 | Zig:1    | Entered Level 1 of a ziggurat
164760 | Zig:2    | Entered Level 2 of a ziggurat
164873 | Zig:3    | Entered Level 3 of a ziggurat
164941 | Zig:4    | Entered Level 4 of a ziggurat
165011 | Zig:5    | Entered Level 5 of a ziggurat
165135 | Zig:6    | Entered Level 6 of a ziggurat
165272 | Zig:7    | Entered Level 7 of a ziggurat
165425 | Zig:7    | Identified a +3 rod of the swarm (9/9) (You found it on level 7 of a ziggurat)
165436 | Pan      | Took an exit into the Abyss.
165436 | Abyss:1  | Escaped into the Abyss
165540 | Abyss:1  | Found a stormy altar of Qazlal.
165545 | Depths:3 | Escaped the Abyss
165753 | Hell     | Entered the Vestibule of Hell
165753 | Hell     | Noticed Geryon
165763 | Hell     | Killed Geryon
166599 | Hell     | Found a gateway to the freezing wastes of Cocytus.
166624 | Hell     | Reached skill level 15 in Shields
166839 | Hell     | Found a gateway to the Iron City of Dis.
166846 | Dis:1    | Entered Level 1 of the Iron City of Dis
167113 | Dis:7    | Entered Level 7 of the Iron City of Dis
167768 | Dis:7    | Reached skill level 15 in Invocations
168499 | Dis:7    | Found a huge runed gate.
168500 | Dis:7    | Found a huge runed gate.
168500 | Dis:7    | Found a huge runed gate.
168500 | Dis:7    | Found a huge runed gate.
168500 | Dis:7    | Found a huge runed gate.
168500 | Dis:7    | Found a huge runed gate.
168500 | Dis:7    | Found a huge runed gate.
168501 | Dis:7    | Found a huge runed gate.
168513 | Dis:7    | Found a huge runed gate.
168513 | Dis:7    | Found a huge runed gate.
168513 | Dis:7    | Found a huge runed gate.
168513 | Dis:7    | Found a huge runed gate.
168524 | Dis:7    | Found a huge runed gate.
168524 | Dis:7    | Found a huge runed gate.
168524 | Dis:7    | Found a huge runed gate.
168524 | Dis:7    | Found a huge runed gate.
168524 | Dis:7    | Found a huge runed gate.
168525 | Dis:7    | Found a huge runed gate.
168526 | Dis:7    | Found a huge runed gate.
168534 | Dis:7    | Found a huge runed gate.
168534 | Dis:7    | Found a huge runed gate.
168534 | Dis:7    | Found a huge runed gate.
168534 | Dis:7    | Found a huge runed gate.
168534 | Dis:7    | Found a huge runed gate.
170299 | Dis:7    | Identified a +2 rod of the swarm (10/10) (You found it on level 7 of the Iron City of Dis)
170877 | Dis:7    | Noticed Dispater
170897 | Dis:7    | Got a faintly glowing mace
170901 | Dis:7    | Got an iron rune of Zot
171066 | Hell     | Found a gateway to the ashen valley of Gehenna.
171176 | Hell     | Found a gateway to the decaying netherworld of Tartarus.
171288 | Hell     | Identified the +8 mace of Salt {crush, +Inv Int+3 SInv} (You found it on level 7 of the Iron City of Dis)
171473 | Tar:1    | Entered Level 1 of Tartarus
173034 | Tar:7    | Entered Level 7 of Tartarus
174388 | Tar:7    | Noticed Ereshkigal
174395 | Tar:7    | Paralysed by Ereshkigal for 2 turns
174409 | Tar:7    | Got a bone rune of Zot
174771 | Coc:1    | Entered Level 1 of Cocytus
175539 | Coc:7    | Entered Level 7 of Cocytus
176445 | Coc:6    | Noticed an ancient lich
177574 | Coc:7    | HP: 7/175 [shard shrike (7)]
179783 | Coc:7    | Reached skill level 10 in Charms
180190 | Coc:7    | Noticed Antaeus
180196 | Coc:7    | Got an icy rune of Zot
180197 | Coc:7    | Got an ancient mace
180199 | Coc:7    | Got a shimmering whip
180216 | Hell     | Identified the +6 mace "Cumuv" {antimagic, Int+5} (You found it on level 7 of Cocytus)
180218 | Hell     | Identified the cursed +0 whip of Abuse {drain, *Confuse MP+9 Str-4 SInv} (You found it on level 7 of Cocytus)
182119 | Geh:1    | Entered Level 1 of Gehenna
182598 | Geh:7    | Entered Level 7 of Gehenna
182967 | Geh:7    | Gained mutation: Your spells are a little easier to cast, but a little less powerful. [mutagenic glow]
183041 | Geh:7    | Gained mutation: You occasionally shout uncontrollably at your foes. [mutagenic glow]
183703 | Geh:7    | Killed from afar by a Brimstone Fiend

Vault maps used:
D:1:      minmay_arrival_plants_in_alcoves
D:2:      grunt_temple_overflow_open, serial_bayou, serial_bayou_lagoon_a,
          serial_bayou_pond_e, serial_bayou_pond_b, serial_bayou_crossing,
          first_bread
D:3:      gammafunk_temple_overflow_wave, uniq_terence, uniq_sigmund,
          uniq_crazy_yiuf_cottage
D:4:      portal_sewer_entry_d, minmay_item_behind_shaft,
          kennysheep_generic_room_5
D:5:      nicolae_gozag_seed_capital
D:6:      temple_fountains, serial_shops,
          nicolae_shop_temple_entry_statues_fountains
D:7:      grunt_ministairs_9, grunt_livestock
D:8:      elyvilon_altar_3, lair_0_dummy
D:9:      xom_butterflies
D:10:     basic_altar, uniq_maurice, uniq_harold, uniq_sonja
D:11:     orc_0_dummy, special_room, lemuel_flamethrower_2
D:12:     serial_shops, statue_bzr, nicolae_shop_trees, shop_fountains,
          uniq_nessos, uniq_frances
D:13:     amalloy_card_club, uniq_snorg
D:14:     david_vaults_4, fedhas_altar_4, uniq_agnes
D:15:     gammafunk_enter_depths_forms, serial_glass, glass_columns_b,
          glass_columns_a, grunt_tough_drop
Temple:   circular_temple_6
Lair:1:   uniq_gastronok
Lair:3:   elwin_shoals_entry_stream, grunt_megastairs_4, serial_bayou_shore_b,
          infiniplex_staircase_pool
Lair:4:   nicolae_volcano_entry_hallway
Lair:5:   spider_nest_entry_a
Lair:6:   minmay_slime_entry_oklob_open, lab_entry_generic, zaba_anthell
Lair:7:   lemuel_fruit_fields, uniq_kirke
Lair:8:   grunt_lair_end_beastmaster, lemuel_fruit_tree, grunt_megastairs_3
Shoals:1: hangedman_shoal_octodias
Shoals:2: uniq_nikola, uniq_polyphemus
Shoals:3: uniq_aizul, uniq_louise
Shoals:4: serial_shops, shop, shoals_end_simple, shoals_ilsuiw_alternative
Spider:1: hive_lemuel
Spider:2: uniq_donald
Spider:3: hangedman_spider_tarantella_strand
Spider:4: grunt_spider_rune_parallel, uniq_roxanne
Orc:2:    basic_altar
Orc:3:    nicolae_orc_pool_cavern, bloody_trog
Orc:4:    grunt_orc_gardens, grunt_orc_garden, grunt_orc_garden,
          grunt_orc_garden, grunt_orc_garden, serial_shops,
          nicolae_shop_temple_entry_statues_fountains
Elf:1:    eino_elf_arrival_shootout, basic_altar, evilmike_minifort,
          columned_hall_lemuel, uniq_asterion
Elf:2:    spider_trap, uniq_saint_roka
Elf:3:    minmay_elf_hall_hex, basic_stair_grate_trap
Vaults:1: v_misc_1, st_greater_box_4, ontoclasm_vaults_shuriken,
          hangedman_vaults_stream, vaults_mumra_lcd, vaults_dpeg_spiral,
          nicolae_vaults_theta, vaults_room_ringed_pool,
          nicolae_vaults_little_squares_2, hangedman_vaults_trim, serial_shops,
          nicolae_shop_statue_plus, shop, nicolae_shop_crystal,
          nicolae_shop_overgrown_old_shop, shop
Vaults:2: vaults_mumra_chevron, vaults_room_pools,
          nicolae_vaults_little_squares_2, vaults_dpeg_doors, v_misc_29,
          nicolae_vaults_diagonal_hallway_6, ontoclasm_vaults_eye,
          hangedman_vaults_impose, hangedman_vaults_restitches,
          nicolae_vaults_yaktaur_gun_rack, v_misc_22, vaults_mumra_minichess,
          dpeg_vaults_pockets_of_resistance, uniq_sojobo, uniq_boris,
          uniq_frederick
Vaults:3: hangedman_vaults_maws, nicolae_vaults_angled_halls, v_rooms_6,
          v_misc_8, minmay_crypt_entry_simple_sparse, nicolae_vaults_asterisk,
          ontoclasm_vaults_fault, grunt_vaults_focal,
          nicolae_vaults_little_squares_3, serial_shops, shop_statue
Vaults:4: nicolae_vaults_big_ls, vaults_dpeg_cross,
          nicolae_vaults_know_your_exits, v_misc_13,
          vaults_room_grunt_arrival_checkpoint, v_misc_10, v_rooms_3,
          v_alt_pattern_6, v_pattern_2, vaults_dpeg_encased_lava
Vaults:5: serial_shops
Crypt:1:  grunt_crypt_arrival_webbed, uniq_boris, uniq_xtahua
Crypt:2:  uniq_jory
Crypt:3:  evilmike_haunted_forest, uniq_boris
Tomb:2:   uniq_boris, uniq_khufu
Depths:1: minmay_expanding_circles, hangedman_abyss_or_decor_slice, hell_entry,
          nicolae_sextant, minmay_tree_intersection, evilmike_butchery,
          uniq_jorgrun
Depths:2: grunt_runaround, hell_entry
Depths:3: evilmike_inaccessible_box, nrook_uturn, grunt_pan_entry_zigzag,
          grunt_hell_entry_dis_mu
Depths:4: grunt_x_marks_the_spot, minmay_crystal_water,
          hangedman_abyss_entry_splay, pf_coc_iceberg
Depths:5: evilmike_zot_entry_basic, enter_ziggurat_e,
          pf_vacation_house_of_asmodeus, kennysheep_doodads,
          minmay_room_of_horrors
Dis:7:    iron_city_of_dis, door_vault
Geh:3:    nicolae_geh_fiery_graves
Geh:4:    door_vault
Geh:5:    hangedman_elemental_corridor
Geh:7:    geh_old
Coc:7:    coc_hangedman
Tar:1:    grunt_megastairs_2
Tar:2:    hangedman_tartarus_silent_blood_keep, lemuel_elevator
Tar:5:    nicolae_tar_cuneiform_two, lemuel_nasty_pond
Tar:6:    lemuel_elevator
Tar:7:    tar_minmay_river
Zot:2:    grunt_ministairs_8
Zot:3:    lemuel_halls_of_wrath
Zot:4:    lemuel_firehouse
Abyss:1:  minivault_23, hangedman_abyss_monster_moat, evilmike_abyss_exit_9,
          evilmike_abyss_exit_17, hangedman_abyss_or_decor_jellyfish_corner,
          hangedman_abyss_river_spirits, guppyfry_abyss_exit_glass_guarded,
          hangedman_decor_lopped, evilmike_abyss_exit_15,
          guppyfry_abyss_exit_spiral_guarded, evilmike_abyss_exit_10
Abyss:2:  evilmike_abyss_exit_mutagenic, evilmike_abyss_exit_3,
          eino_small_chamber_without_monster, hangedman_decor_peaks_small
Abyss:3:  evilmike_abyss_rune_shrine, kilobyte_mutagenic_chamber
Pan:      grunt_pan_sceptre, reaverb_pan_chaos_star,
          nicolae_pan_gloorx_vloqian_2, pan_captured_pigsty, grunt_pan_zigzag,
          nicolae_pan_hourglass, nicolae_pan_lom_lobonic_4, grunt_pan_sceptre,
          pan_blood_fountain_small, pan_disco_hall, nicolae_pan_mnolegish_3,
          grunt_pan_pentagram, nicolae_pan_cerebovesque_1, rand_demon_6,
          nicolae_pan_lom_lobonic_3, nicolae_pan_sigil_uleosi,
          evilmike_mini_pan_doors_b, nicolae_pan_giant_door,
          grunt_pan_frozen_over, evilmike_mini_pan_corridor,
          nicolae_pan_sigil_itan, nicolae_pan_lom_lobonic_1, rand_demon_6,
          pan_blood_fountain_small, grunt_pan_sceptre, nicolae_pan_double_arrow,
          pan_blood_fountain, rand_demon_6, pan_blood_fountain_small,
          evilmike_mini_pan_layers, pan_blood_fountain_2,
          evilmike_mini_pan_corridor, mnoleg, pan_blood_fountain_small,
          nicolae_pan_strange_glyphs, nicolae_pan_giant_door,
          grunt_pan_pentagram, pan_blood_fountain, grunt_pan_pentagram,
          evilmike_mini_pan_corner, lom_lobon_st, lemuel_hellion_island,
          uniq_mnoleg, pan_blood_fountain_small, grunt_pan_pentagram,
          uniq_lom_lobon, gloorx_vloq_st, cerebov_st, evilmike_mini_pan_corner,
          uniq_mennas_pan, rand_demon_7, uniq_lom_lobon, pan_blood_fountain,
          rand_demon_8, uniq_cerebov, rand_demon_6, uniq_lom_lobon,
          nicolae_pan_sick_transit, nicolae_pan_strange_glyphs,
          grunt_pan_in_and_out, uniq_mnoleg, rand_demon_6, uniq_cerebov,
          evilmike_mini_pan_layers, evilmike_mini_pan_T, uniq_mnoleg,
          rand_demon_7, evilmike_mini_pan_murderfest, uniq_cerebov,
          evilmike_mini_pan_pillars_b, uniq_cerebov, rand_demon_2,
          pan_blood_fountain_small, nicolae_pan_sigil_nadil,
          nicolae_pan_lom_lobonic_1, grunt_pan_in_and_out,
          nicolae_pan_gloorx_vloqian_4, evilmike_mini_pan_other_thingy,
          uniq_ignacio, nicolae_pan_sigil_itan, grunt_pan_spiral, uniq_cerebov,
          enter_ziggurat_pan_c, nicolae_pan_gloorx_vloqian_4,
          evilmike_mini_pan_corner, uniq_ignacio, nicolae_pan_door_chamber,
          uniq_lom_lobon, uniq_cerebov, evilmike_mini_pan_corner,
          uniq_mennas_pan, pan_blood_fountain, uniq_lom_lobon, uniq_cerebov,
          nicolae_pan_sigil_eeng, evilmike_mini_pan_other_thingy, uniq_ignacio,
          rand_demon_4, pan_blood_fountain, evilmike_mini_pan_doors,
          pan_blood_fountain_small, pan_blood_fountain,
          nicolae_pan_gloorx_vloqian_4, evilmike_mini_pan_T,
          nicolae_pan_hourglass, grunt_pan_sceptre, evilmike_mini_pan_rooms,
          nicolae_pan_strange_glyphs, evilmike_mini_pan_V, pan_blood_fountain,
          pan_surprise, grunt_pan_zigzag, evilmike_mini_pan_possible_glass,
          pan_blood_fountain, evilmike_mini_pan_other_thingy,
          pan_blood_fountain_small, enter_ziggurat_pan_b, pan_blood_fountain
Lab:      labyrinth_watery, labyrinth_glass_1, nicolae_lab_t_cross,
          nicolae_lab_flowing_pool, nicolae_lab_quarters, nicolae_lab_blocks,
          nicolae_lab_plus
Bazaar:   bazaar_minmay_row
Sewer:    kennysheep_pipe_town
Volcano:  volcano_caves

Action                   |  1- 3 |  4- 6 |  7- 9 | 10-12 | 13-15 | 16-18 | 19-21 | 22-24 | 25-27 || total
-------------------------+-------+-------+-------+-------+-------+-------+-------+-------+-------++-------
Melee: Short sword       |    23 |       |       |       |       |       |       |       |       ||    23
       Dagger            |    26 |    96 |   154 |   148 |   191 |    42 |    96 |       |       ||   753
       Mace              |       |       |       |       |     2 |       |       |       |       ||     2
       Rapier            |       |       |       |       |       |   283 |   498 |   492 | 10622 || 11895
       Staff             |       |       |       |       |       |       |     1 |       |       ||     1
       War axe           |       |       |       |       |       |       |       |     9 |   198 ||   207
       Quick blade       |       |       |       |       |       |       |       |       |   227 ||   227
 Fire: Blowgun           |       |       |     9 |     7 |    48 |    37 |    66 |     3 |       ||   170
 Cast: Magic Dart        |    69 |    91 |   186 |   179 |   465 |   225 |   112 |    42 |    76 ||  1445
       Dazzling Spray    |       |     9 |    62 |   147 |   146 |    66 |    20 |       |    38 ||   488
       Iskenderun's Batt |       |       |    14 |    65 |   217 |   201 |   113 |   104 |   353 ||  1067
       Iskenderun's Myst |       |       |     3 |    23 |    34 |     4 |    15 |     3 |   156 ||   238
       Bolt of Draining  |       |       |       |     1 |   153 |   136 |   159 |   326 |   289 ||  1064
       Mephitic Cloud    |       |       |       |       |    62 |    88 |   155 |    89 |    86 ||   480
       Airstrike         |       |       |       |       |   169 |   433 |   183 |   152 |   920 ||  1857
       Sticky Flame      |       |       |       |       |    85 |   123 |    82 |    50 |   307 ||   647
       Conjure Flame     |       |       |       |       |     1 |       |       |       |       ||     1
       Regeneration      |       |       |       |       |       |    44 |    12 |    10 |    10 ||    76
       Shroud of Golubri |       |       |       |       |       |    34 |    18 |    18 |   117 ||   187
       Deflect Missiles  |       |       |       |       |       |     4 |     1 |     3 |    23 ||    31
       Swiftness         |       |       |       |       |       |     1 |     9 |     5 |    19 ||    34
       Animate Dead      |       |       |       |       |       |       |    62 |    72 |    93 ||   227
       Animate Skeleton  |       |       |       |       |       |       |    37 |    44 |    68 ||   149
       Blink             |       |       |       |       |       |       |     4 |     6 |    15 ||    25
       Apportation       |       |       |       |       |       |       |     2 |     2 |    10 ||    14
       Control Undead    |       |       |       |       |       |       |     9 |    11 |    79 ||    99
       Dispel Undead     |       |       |       |       |       |       |    13 |    63 |   513 ||   589
       Lightning Bolt    |       |       |       |       |       |       |       |       |     5 ||     5
       Summon Lightning  |       |       |       |       |       |       |       |       |    17 ||    17
       Force Lance       |       |       |       |       |       |       |       |       |   571 ||   571
       Fireball          |       |       |       |       |       |       |       |       |   124 ||   124
       Stoneskin         |       |       |       |       |       |       |       |       |    69 ||    69
       Freezing Cloud    |       |       |       |       |       |       |       |       |    36 ||    36
       Bolt of Fire      |       |       |       |       |       |       |       |       |    25 ||    25
       Delayed Fireball  |       |       |       |       |       |       |       |       |     1 ||     1
       Cigotuvi's Embrac |       |       |       |       |       |       |       |       |     1 ||     1
Invok: Channel Energy    |       |       |    78 |   234 |  1107 |   952 |   441 |   683 |   572 ||  4067
       Forget Spell      |       |       |       |       |       |       |     1 |       |     7 ||     8
       Recite            |       |       |       |       |       |       |       |       |   329 ||   329
       Sanctuary         |       |       |       |       |       |       |       |       |    19 ||    19
       Vitalisation      |       |       |       |       |       |       |       |       |    10 ||    10
       Donate Gold       |       |       |       |       |       |       |       |       |     3 ||     3
 Abil: Fly               |       |     1 |     1 |     5 |     3 |     5 |       |     2 |     8 ||    25
       Stop Flying       |       |       |       |       |     1 |     5 |       |     2 |     8 ||    16
Evoke: Wand              |       |       |       |     2 |     2 |    16 |     5 |    30 |    69 ||   124
       Phial of floods   |       |       |       |       |     1 |     2 |     1 |     1 |       ||     5
       Fan of gales      |       |       |       |       |       |     1 |     1 |     1 |     1 ||     4
       Lamp of fire      |       |       |       |       |       |       |       |       |     7 ||     7
  Use: Scroll            |     5 |    11 |    11 |    12 |    13 |    21 |    21 |    18 |   115 ||   227
       Potion            |       |       |     1 |     7 |       |     5 |     8 |     2 |    36 ||    59
 Stab: Sleeping          |       |     6 |     7 |     5 |    21 |     6 |     9 |    11 |   155 ||   220
       Invisible         |       |     1 |     5 |    25 |    10 |       |     1 |       |    11 ||    53
       Confused          |       |       |       |       |    16 |    47 |    74 |    54 |   147 ||   338
       Distracted        |       |       |       |       |       |     1 |     6 |     7 |   123 ||   137
       Paralysed         |       |       |       |       |       |     1 |       |       |     1 ||     2
       Petrifying        |       |       |       |       |       |       |       |       |     1 ||     1
  Eat: Chunk             |     2 |    12 |    32 |    65 |   255 |   205 |   101 |   128 |   176 ||   976
       Beef jerky        |       |       |     2 |     2 |     2 |     2 |       |     1 |    14 ||    23
       Royal jelly       |       |       |     1 |     1 |       |     1 |     3 |       |     2 ||     8
       Fruit             |       |       |       |     1 |    10 |       |       |       |    28 ||    39
       Pizza             |       |       |       |       |       |     5 |     2 |     6 |     8 ||    21
       Meat ration       |       |       |       |       |       |     1 |     2 |       |    39 ||    42
       Bread ration      |       |       |       |       |       |       |       |     2 |    17 ||    19
